 Dungeon Crawl Stone Soup version 0.29.1-12-g30fa7ad0bf (webtiles) character file.

Game seed: 7330395934442911280

9451132 Wyvric the Grand Master (level 27, 333/333 HPs)
             Began as an Octopode Earth Elementalist on Dec 16, 2022.
             Was an Elder of Wu Jian.
             Escaped with the Orb
             ... and 15 runes on Dec 17, 2022!
             The game lasted 12:21:05 (181479 turns).

Wyvric the Grand Master (OpEE)                    Turns: 181479, Time: 12:21:06

Health: 333/333    AC: 30    Str: 19    XL:     27
Magic:  9/52       EV: 25    Int: 46    God:    Wu Jian [****..]
Gold:   18307      SH:  2    Dex: 20    Spells: 0/76 levels left

rFire   + + .      SeeInvis +     - Unarmed
rCold   + + .      Faith    .   (shield currently unavailable)
rNeg    + + +      Spirit   +   (helmet currently unavailable)
rPois   +          Reflect  .   i - amulet "Ruitrozo" {Spirit Will+ Int+6}
rElec   +          Harm     .   E - ring "Nupnashrue" {rF+ rN+ rCorr}
rCorr   +          Rampage  .   l - +4 ring of slaying
Will    +++..                   O - ring of the Tortoise {AC+8}
Stlth   +++.......              I - ring "Riukkus" {Ice Str+4 Int+8}
HPRegen 0.65/turn               V - ring of the Imp {rElec rN+ Dex+5}
MPRegen 0.33/turn               x - ring of the Octopus King {rN+ HP+2 AC+2 EV+2 SH+2}
                                F - ring "Beduos" {rPois rC+ AC+4 Str-4 Int+3}
                                U - ring of Woeziec {rPois rC+ Dex+4 SInv}

@: dragon-form, flying, studying 4 skills
A: dragon claw, dragon scales, breathe fire, flying, boosted hp, almost no
armour, amphibious, 8 rings, giant, (camouflage 1), (gelatinous body 1), (nimble
swimmer 1), (tentacles), (tentacle spike 3), clumsy 1, (poison resistance)
0: Orb of Zot
}: 15/15 runes: barnacled, slimy, silver, golden, iron, obsidian, icy, bone,
abyssal, demonic, glowing, magical, fiery, dark, gossamer
a: Breathe Fire, End Transformation, Renounce Religion, Wall Jump, Serpent's
Lash


You escaped.
You worshipped Wu Jian.
Wu Jian was greatly pleased with you.
You were a fearsome dragon!
You visited 18 branches of the dungeon, and saw 88 of its levels.
You visited Pandemonium 7 times, and saw 27 of its levels.
You visited the Abyss 5 times.
You also visited: Ossuary, Gauntlet, Ice Cave, Wizlab and Desolation.

You collected 20774 gold pieces.
You spent 2467 gold pieces at shops.

Inventory:

Missiles
 d - 4 throwing nets
Armour
 h - the -2 hat of the Alchemist (melded) {rElec rPois rF+ rC+ rN+ Will+ rMut rCorr}
   (You found it in a wizard's laboratory)

   rF:        It protects you from fire.
   rC:        It protects you from cold.
   rElec:     It insulates you from electricity.
   rPois:     It protects you from poison.
   rN:        It protects you from negative energy.
   rCorr:     It protects you from acid and corrosion.
   rMut:      It protects you from mutation.
   Will:      It increases your willpower.
 P - a +8 tower shield of protection (melded)
Magical Staves
 a - a staff of earth (melded)
Jewellery
 i - the amulet "Ruitrozo" (around neck) {Spirit Will+ Int+6}
   (You found it in the Desolation of Salt)

   [amulet of guardian spirit]

   It causes incoming damage to be divided between your reserves of health and
   magic.
   Int:       It affects your intelligence (+6).
   Will:      It increases your willpower.
 l - a +4 ring of slaying (right foreclaw)
 x - a ring of the Octopus King (on tentacle) {rN+ HP+2 AC+2 EV+2 SH+2}
   (You found it on level 3 of the Crypt)

   [ring of positive energy]

   AC:        It affects your AC (+2).
   EV:        It affects your evasion (+2).
   rN:        It protects you from negative energy.
   HP:        It affects your health (+2).
   SH:        It affects your SH (+2).
 E - the ring "Nupnashrue" (left foreclaw) {rF+ rN+ rCorr}
   (You found it on level 1 of the Depths)

   [ring of protection from fire]

   rF:        It protects you from fire.
   rN:        It protects you from negative energy.
   rCorr:     It protects you from acid and corrosion.
 F - the ring "Beduos" (on tentacle) {rPois rC+ AC+4 Str-4 Int+3}
   (You found it on level 7 of Tartarus)

   [ring of protection]

   AC:        It affects your AC (+4).
   Str:       It affects your strength (-4).
   Int:       It affects your intelligence (+3).
   rC:        It protects you from cold.
   rPois:     It protects you from poison.
 I - the ring "Riukkus" (on tentacle) {Ice Str+4 Int+8}
   (You took it off Josephina on level 2 of the Depths)

   [ring of ice]

   It enhances your ice magic.
   Str:       It affects your strength (+4).
   Int:       It affects your intelligence (+8).
   rF:        It makes you vulnerable to fire.
   rC:        It protects you from cold.
 O - the ring of the Tortoise (on tentacle) {AC+8}
   (You found it on level 3 of the Tomb of the Ancients)

   [ring of protection]

   AC:        It affects your AC (+8).
 U - the ring of Woeziec (on tentacle) {rPois rC+ Dex+4 SInv}
   (You found it on level 3 of the Elven Halls)

   [ring of see invisible]

   Dex:       It affects your dexterity (+4).
   rC:        It protects you from cold.
   rPois:     It protects you from poison.
   SInv:      It lets you see invisible.
 V - the ring of the Imp (on tentacle) {rElec rN+ Dex+5}
   (You found it on level 2 of the Shoals)

   [ring of positive energy]

   Dex:       It affects your dexterity (+5).
   rElec:     It insulates you from electricity.
   rN:        It protects you from negative energy.
Wands
 y - a wand of mindburst (18)
 B - a wand of acid (18)
 H - a wand of digging (14)
 M - a wand of iceblast (39)
 Q - a wand of polymorph (41)
 S - a wand of charming (65)
Scrolls
 j - 3 scrolls of summoning
 s - 17 scrolls of vulnerability
 w - 30 scrolls of teleportation
 D - 4 scrolls of blinking
 J - 9 scrolls of torment
 L - 5 scrolls of poison
 N - a scroll of enchant weapon
 W - 26 scrolls of immolation
 X - 17 scrolls of fear
 Y - 5 scrolls of silence
 Z - 3 scrolls of fog
Potions
 b - 6 potions of invisibility
 c - 5 potions of heal wounds
 f - 13 potions of curing
 g - 8 potions of flight
 k - 12 potions of brilliance
 m - 4 potions of ambrosia
 n - 8 potions of cancellation
 p - 5 potions of resistance
 r - 6 potions of might
 t - 13 potions of magic
 u - 21 potions of lignification
 z - 4 potions of berserk rage
 A - 24 potions of mutation
 T - 15 potions of attraction
Miscellaneous
 e - a figurine of a ziggurat
 o - a phantom mirror
 q - a phial of floods
 v - the horn of Geryon
 C - a lightning rod (4/4)
 G - a condenser vane
 K - a box of beasts
 R - a tin of tremorstones (2/2)


   Skills:
 - Level 26.0 Fighting
 - Level 10.0 Short Blades
 - Level 24.0 Dodging
 - Level 21.0 Stealth
 * Level 24.7 Shields
 O Level 27 Unarmed Combat
 - Level 25.0 Spellcasting
 - Level 6.0 Conjurations
 - Level 25.0 Necromancy
 - Level 18.0 Transmutations
 - Level 25.0 Earth Magic
 - Level 6.0 Poison Magic
 - Level 26.0 Evocations


You couldn't memorise any spells.
You knew the following spells:

 Your Spells              Type           Power      Damage    Failure   Level
c - Lee's Rapid Deconstr  Erth           68%        3d32*     0%          5
d - Borgnjor's Vile Clut  Necr/Erth      68%        N/A       0%          5
h - Shatter               Erth           68%        3d50*     1%          9
j - Sublimation of Blood  Necr           100%       N/A       0%          2
k - Blink                 Tloc           100%       N/A       1%          2
m - Necromutation         Tmut/Necr      65%        N/A       1%          8
n - Dragon Form           Tmut           61%        N/A       1%          7
p - Passwall              Tmut/Erth      100%       N/A       0%          2
q - Passage of Golubria   Tloc           55%        N/A       2%          4
t - Death's Door          Necr           68%        N/A       1%          9
u - Wereblood             Tmut           100%       N/A       0%          2
w - Borgnjor's Revivific  Necr           68%        N/A       1%          8
y - Yara's Violent Unrav  Hex/Tmut       48%        3d19      1%          5
z - Infestation           Necr           68%        N/A       1%          8

Your spell library contained the following spells:

 Spells                   Type           Power      Damage    Failure   Level
 Beastly Appendage        Tmut           100%       N/A       0%          1
 Necrotise                Necr           100%       1d9       0%          1
 Sandblast                Erth           100%       2d20      0%          1
 Sting                    Tmut/Pois      100%       1d8       0%          1
 Spider Form              Tmut/Pois      100%       N/A       0%          3
 Stone Arrow              Conj/Erth      100%       3d13      0%          3
 Anguish                  Hex/Necr       53%        N/A       0%          4
 Animate Dead             Necr           100%       N/A       0%          4
 Dispel Undead            Necr           100%       3d31      0%          4
 Leda's Liquefaction      Hex/Erth       53%        N/A       0%          4
 Petrify                  Tmut/Erth      100%       N/A       0%          4
 Agony                    Necr           100%       N/A       0%          5
 Blade Hands              Tmut           61%        N/A       0%          5
 Death Channel            Necr           68%        N/A       0%          6
 Statue Form              Tmut/Erth      86%        N/A       0%          6
 Foxfire                  Conj/Fire      100%       2x1d9     1%          1
 Freeze                   Ice            100%       1d11      1%          1
 Magic Dart               Conj           100%       1d8       1%          1
 Shock                    Conj/Air       100%       1d9       1%          1
 Slow                     Hex            100%       N/A       1%          1
 Summon Small Mammal      Summ           100%       N/A       1%          1
 Call Imp                 Summ           55%        N/A       1%          2
 Ensorcelled Hibernation  Hex/Ice        100%       N/A       1%          2
 Poisonous Vapours        Pois/Air       100%       N/A       1%          2
 Scorch                   Fire           100%       2d10      1%          2
 Searing Ray              Conj           100%       2d8       1%          2
 Static Discharge         Conj/Air       71%        3-12/arc  1%          2
 Call Canine Familiar     Summ           55%        N/A       1%          3
 Conjure Flame            Conj/Fire      71%        6-21      1%          3
 Dazzling Flash           Conj/Hex       100%       N/A       1%          3
 Frozen Ramparts          Ice            100%       1d16      1%          3
 Gell's Gravitas          Tloc           55%        N/A       1%          3
 Ignite Poison            Fire/Tmut/Pois 92%        N/A       1%          3
 Inner Flame              Hex/Fire       55%        N/A       1%          3
 Mephitic Cloud           Conj/Pois/Air  76%        N/A       1%          3
 Ozocubu's Armour         Ice            72%        N/A       1%          3
 Portal Projectile        Hex/Tloc       100%       N/A       1%          3
 Teleport Other           Tloc           55%        N/A       1%          3
 Tukima's Dance           Hex            55%        N/A       1%          3
 Corpse Rot               Necr/Pois/Air  100%       N/A       1%          4
 Flame Wave               Conj/Fire      71%        2d16      1%          4
 Fulminant Prism          Conj/Hex       35%        3d18      1%          4
 Hailstorm                Conj/Ice       91%        3d18      1%          4
 Ice Form                 Ice/Tmut       100%       N/A       1%          4
 Iskenderun's Mystic Bla  Conj/Tloc      71%        2d14      1%          4
 Olgreb's Toxic Radiance  Pois           85%        N/A       1%          4
 Sticky Flame             Conj/Fire      71%        2d8       1%          4
 Alistair's Intoxication  Tmut/Pois      70%        N/A       1%          5
 Fireball                 Conj/Fire      35%        3d15      1%          5
 Irradiate                Conj/Tmut      53%        3d29      1%          5
 Iskenderun's Battlesphe  Conj           85%        2d13      1%          5
 Eringya's Noxious Bog    Tmut/Pois      53%        N/A       1%          6
 Iron Shot                Conj/Erth      58%        9d11      1%          6
 Simulacrum               Ice/Necr       65%        N/A       1%          6
 Haunt                    Necr/Summ      53%        N/A       1%          7
 Summon Ice Beast         Ice/Summ       72%        N/A       2%          4
 Summon Lightning Spire   Summ/Air       55%        N/A       2%          4
 Lehudib's Crystal Spear  Conj/Erth      58%        10d13     2%          8
 Freezing Cloud           Conj/Ice/Air   42%        6-21      3%          5
 Storm Form               Tmut/Air       48%        N/A       5%          7
 Manifold Assault         Tloc           55%        N/A       7%          5
 Metabolic Englaciation   Hex/Ice        36%        N/A       7%          5
 Silence                  Hex/Air        27%        N/A       7%          5
 Summon Forest            Summ/Tloc      27%        N/A       7%          5
 Summon Mana Viper        Hex/Summ       55%        N/A       7%          5
 Conjure Ball Lightning   Conj/Air       35%        3x3d11    11%         6
 Starburst                Conj/Fire      35%        6d10      11%         6
 Orb of Destruction       Conj           42%        9d12      19%         7
 Dispersal                Tloc           27%        N/A       36%         6
 Summon Cactus Giant      Summ           27%        N/A       36%         6
 Spellforged Servitor     Conj/Summ      35%        N/A       52%         7
 Enfeeble                 Hex            27%        N/A       91%         7
 Malign Gateway           Summ/Tloc      27%        N/A       91%         7
 Monstrous Menagerie      Summ           27%        N/A       91%         7
 Ozocubu's Refrigeration  Ice            36%        4d15      91%         7
 Summon Hydra             Summ           27%        N/A       91%         7
 Discord                  Hex            27%        N/A       100%        8
 Ignition                 Fire           27%        3d9       100%        8
 Maxwell's Capacitive Co  Air            27%        ∞         100%        8
 Chain Lightning          Conj/Air       35%        3d47      100%        9
 Fire Storm               Conj/Fire      35%        8d9       100%        9
 Polar Vortex             Ice            36%        N/A       100%        9
 Animate Armour           Summ/Erth      Unusable   N/A       N/A         4

Dungeon Overview and Level Annotations

Branches:
Dungeon (15/15)            Temple (1/1) D:4            Lair (5/5) D:11
 Shoals (4/4) Lair:3       Spider (4/4) Lair:3        Slime (5/5) Lair:5
    Orc (2/2) D:10            Elf (3/3) Orc:2        Vaults (5/5) D:14
  Crypt (3/3) Vaults:2       Tomb (3/3) Crypt:3      Depths (4/4) D:15
   Hell (visited)             Dis (7/7) Hell            Geh (7/7) Hell
    Coc (7/7) Hell            Tar (7/7) Hell            Zot (5/5) Depths:4
Ossuary (visited)           IceCv (visited)          WizLab (visited)
Desolation (visited)      Gauntlet (visited)

Altars:
Ashenzari
Cheibriados
Dithmenos
Elyvilon
Fedhas
Gozag
Hepliaklqana
Kikubaaqudgha
Makhleb
Nemelex Xobeh
Okawaru
Qazlal
Ru
Sif Muna
Trog
Uskayaw
Vehumet
Wu Jian
Xom
Yredelemnul
Zin
The Shining One
Jiyva
Lugonu

Shops:
D:3 !   Orc:1 [   Orc:2 *=[(   Elf:1 !   Elf:2 =   Depths:1 ?(   Depths:3 :

Portals:
Hell: Depths:1 Depths:2 Depths:3 Depths:4
Abyss: Depths:1 Depths:3
Pandemonium: Depths:2 Depths:3 Depths:4
Ziggurat: Depths:3

Annotations:
Depths:2 3 transporters
Dis:7 2 exclusions


Innate Abilities, Weirdness & Mutations

You are a fearsome dragon!
You have a powerful clawing attack.
Your giant scaled body is strong and resiliant, but less evasive.
You can breathe fire.
You are flying.
Your maximum health is greatly increased.
Your armour is entirely melded.
You are incapable of wielding weapons or throwing items.
You cannot wear most types of armour.
You are amphibious.
You can wear up to eight rings at the same time.
((Your skin changes colour to match your surroundings (Stealth+).))
((Your rubbery body absorbs attacks. (AC +1, EV +1)))
((You are camouflaged when in or above water. (Stealth+)))
((You have tentacles for arms and can constrict up to eight enemies at once.))
((One of your tentacles bears a large vicious spike.))
You are clumsy. (Dex -2)
((Your system is resistant to poisons. (rPois)))


Message History

You kill the golden eye!
The Council accepts your kill.
You kill the golden eye!
The Council accepts your kill.
Ka-crash!
A golden eye comes into view.
The blizzard demon waves its arms in wide circles.
The air twists around and strikes you.
The dungeon rumbles!
Ka-crash!
The blizzard demon gestures at you.
The dungeon rumbles!
Ka-crash!
The blizzard demon gestures at you.
The dungeon rumbles!
Ka-crash!
The blizzard demon gestures at you. The bolt of lightning hits you! You resist.
An Orb Guardian comes into view.
The dungeon rumbles!
You kill the blizzard demon!
The Council accepts your kill.
Ka-crash!
You lunge at the Orb Guardian, in a flurry of attacks.
You claw the Orb Guardian!
You tail-slap the Orb Guardian, but do no damage.
You claw the Orb Guardian, but do no damage.
You bite the Orb Guardian! You hit the Orb Guardian.
You tail-slap the Orb Guardian!
The Orb Guardian hits you but does no damage.
You spin and attack the Orb Guardian repeatedly.
You hit the Orb Guardian. You tail-slap the Orb Guardian.
You claw the Orb Guardian, but do no damage.
Your bite misses the Orb Guardian. You bite the Orb Guardian!!
You kill the Orb Guardian!
The Council accepts your kill.
A tormentor comes into view.
You lunge at the tormentor, in a flurry of attacks.
You maul the tormentor!!!!
You kill the tormentor!
The Council accepts your kill.
There is a staircase leading out of the dungeon here.
You have escaped!

######.##......∩.###
#.##......∩##
#.#.......∩.#
#..#.......###
###########.#..........#
.............###.....##.#
#########....##........##
#....###.....#..#
#....##.D...###.#
#....######## ## ###.##
#.# #.# #.# #.# #.# #.#
#.# ##### #.# #.# ....##
#.# #.# .....######.# #.#


There were no monsters in sight!

Vanquished Creatures
  Cerebov (Pan)
  Asmodeus (Geh:7)
  the Royal Jelly (Slime:5)
  Gloorx Vloq (Pan)
  Ereshkigal (Tar:7)
  the Serpent of Hell (Coc:7)
  A seraph (Pan)
  Lom Lobon (Pan)
  Mnoleg (Pan)
  Dispater (Dis:7)
  9 dread liches
  5 orbs of fire
  10 ancient liches
  Mara (Depths:2)
  4 juggernauts
  18 pandemonium lords (Pan)
  36 royal mummies
  Josephina (Depths:2)
  9 Killer Klowns (Zot:5)
  29 shard shrikes
  Vv (Depths:2)
  The ghost of Bunoc the Executioner, a veteran FoFi of Dithmenos (Crypt:3)
  6 curse toes
  27 caustic shrikes
  Saint Roka (Elf:2)
  11 golden dragons
  Geryon (Hell)
  Arachne (Spider:2)
  the Enchantress (Depths:2)
  19 bone dragons
  2 pearl dragons (Pan)
  5 doom hounds
  11 profane servitors
  A spectral shard shrike (Tar:3)
  26 Brimstone Fiends
  4 electric golems
  23 Tzitzimimeh
  15 iron giants
  18 hellephants
  Jorgrun (Spider:2)
  A walking crystal tome (Depths:3)
  25 tentacled monstrosities
  28 Hell Sentinels
  26 Ice Fiends
  Zenata (Elf:3)
  Mlioglotl (Spider:2)
  A shard shrike skeleton (Tar:7)
  27 Orb Guardians
  A walking divine tome (Depths:3)
  Asterion (Spider:4)
  2 deep elf master archers (Elf:3)
  11 quicksilver dragons
  15 tainted leviathans
  15 titans
  The ghost of Gasch the Bludgeoner, an adept MiFi of Wu Jian (Spider:4)
  14 liches
  27 searing wretches
  4 deep elf blademasters
  19 acid blobs
  37 Executioners
  Gastronok (Lair:1)
  A kraken (Shoals:1)
  A quicksilver dragon (shapeshifter) (Vaults:5)
  An eldritch tentacle (Pan)
  Polyphemus (Shoals:2)
  8 death cobs
  35 ancient champions
  5 sphinxes
  Donald (Spider:1)
  Kirke (Elf:1)
  6 tentacled starspawn
  The ghost of case the Executioner, an adept MiBe of Trog (Shoals:3)
  The ghost of Rod Caur the Severer, an adept HOFi of Beogh (Spider:4)
  19 shadow dragons
  Agnes (Elf:1)
  20 storm dragons
  Ilsuiw (Shoals:3)
  4 draconian knights
  15 tengu reavers
  16 narguns
  6 deep elf sorcerers (Elf:3)
  21 fire giants
  8 azure jellies
  17 daevas
  11 quicksilver elementals
  9 draconian monks
  6 rockslimes
  19 demonspawn warmongers (Pan)
  11 iron dragons
  16 frost giants
  13 revenants
  An imperial myrmidon (Desolation)
  20 cacodemons
  Louise (Depths:3)
  5 emperor scorpions
  6 draconian shifters
  4 orc warlords
  68 balrugs
  11 ghost moths
  18 vault wardens
  The ghost of Bolleh the Thaumaturge, a journeyman GnSk of Makhleb (Spider:4)
  2 spectral juggernauts
  10 draconian scorchers
  21 angels
  The ghost of Aviun the Unseen, an adept SpEn of Kikubaaqudgha (Spider:4)
  2 curse skulls (Pan)
  6 spriggan defenders
  6 shard shrike simulacra
  4 spectral caustic shrikes
  7 ghouls
  14 demonspawn corrupters (Pan)
  44 very ugly things
  6 deep elf elementalists (Elf:3)
  44 reapers
  2 caustic shrike zombies
  3 draconian stormcallers
  3 caustic shrike skeletons
  16 ironbound preservers
  21 demonspawn blood saints (Pan)
  12 quicksilver oozes
  A juggernaut skeleton (Depths:2)
  3 broodmothers
  15 bennus
  3 ironbound thunderhulks
  23 elemental wellsprings
  20 stone giants
  9 draconian annihilators
  12 ophanim (Pan)
  27 apis (Pan)
  7 green draconians
  49 war gargoyles
  20 demonspawn black suns (Pan)
  3 vampire knights
  8 deep elf annihilators
  29 lorocyprocas
  A minotaur (Shoals:2)
  13 black draconians
  29 wendigos
  9 deep elf demonologists
  17 purple draconians
  3 spectral titans
  4 halazid warlocks (Desolation)
  Azrael (Spider:2)
  15 white draconians
  6 dire elephants (Vaults:1)
  5 entropy weavers
  17 putrid mouths
  3 spark wasps
  18 yellow draconians
  25 blizzard demons
  4 spectral quicksilver dragons (Crypt:3)
  11 red draconians
  15 ettins
  A spectral golden dragon (Tar:2)
  9 fire dragons
  6 merfolk javelineers
  27 green deaths (Pan)
  25 eidola
  7 deep elf death magi
  A crystal guardian (Desolation)
  4 jiangshi (Crypt:3)
  4 spectral spriggans
  7 merfolk impalers
  25 mummy priests
  6 hell beasts
  The ghost of AarnesTheHuman the Cleaver, a journeyman HOMo of Beogh (D:10)
  26 vault guards
  7 deep elf high priests
  9 great orbs of eyes
  9 yaktaur captains
  A great orb of eyes (shapeshifter) (Elf:1)
  15 boulder beetles
  8 ragged hierophants (Desolation)
  14 salamander tyrants
  4 peacekeepers (Desolation)
  5 hydras
  An Orb Guardian zombie (Crypt:1)
  13 servants of whispers (Desolation)
  10 rakshasas
  6 juggernaut simulacra
  8 caustic shrike simulacra
  15 ice dragons
  4 spriggan skeletons
  9 centaur warriors
  6 ogre magi
  4 jorogumos
  4 radroaches
  4 merfolk avatars
  7 death yaks
  9 spriggan air magi
  9 stokers
  6 two-headed ogres
  2 death knights
  Erica (D:10)
  4 ironbound frosthearts
  3 merfolk aquamancers
  An anaconda (shapeshifter) (Elf:3)
  4 satyrs
  26 dancing weapons
  A two-headed ogre (shapeshifter) (Depths:4)
  23 death scarabs
  9 tengu warriors
  An alligator (shapeshifter) (Vaults:5)
  2 catoblepae
  An Orb Guardian skeleton (Crypt:2)
  4 deep troll shamans
  2 orc high priests
  2 alligator snapping turtles
  41 hell hogs
  6 thrashing horrors
  6 vampire magi
  A death yak (shapeshifter) (Vaults:5)
  9 deep troll earth magi
  2 spectral dire elephants (Tar:1)
  106 soul eaters
  2 titan zombies (Tar:7)
  Sonja (Orc:2)
  8 spriggan berserkers
  5 spriggans
  A shock serpent (shapeshifter) (Vaults:5)
  2 spectral storm dragons
  20 deep elf knights
  149 sun demons
  15 hell knights
  Nergalle (D:10)
  A titan skeleton (Tomb:1)
  23 crystal echidnas
  41 sixfirhies (Pan)
  A spatial maelstrom (Abyss:4)
  9 iron trolls
  5 wretched stars (Abyss:4)
  2 sun moths
  2 spectral anacondas
  Lodul (D:14)
  9 pharaoh ants
  3 spectral bunyips
  38 shadow wraiths
  20 skeletal warriors
  2 storm dragon skeletons
  A death drake (shapeshifter) (Vaults:4)
  10 quicksilver dragon simulacra
  10 sea snakes
  An iron giant zombie (Tomb:1)
  A swamp dragon (shapeshifter) (WizLab)
  17 flayed ghosts
  15 deep elf archers
  9 spriggan simulacra
  A death drake (D:12)
  7 steelbarb worms
  9 glowing orange brains
  38 deep trolls
  17 shadow demons (Pan)
  A tengu zombie (Vaults:3)
  2 anaconda zombies
  13 cherubim (Pan)
  13 phantasmal warriors
  A bog body (Crypt:2)
  12 orb spiders
  15 harpies
  9 lindwurms
  A bunyip skeleton (Pan)
  An obsidian statue (Zot:5)
  26 deep elf pyromancers
  11 wizards
  A mana viper (shapeshifter) (WizLab)
  Pikel (D:8)
  29 deep elf zephyrmancers
  14 orc knights
  15 ironbound convokers
  23 fauns
  9 necromancers
  19 wolf spiders
  A glowing shapeshifter (Depths:2)
  A spectral fire dragon (Crypt:3)
  A harpy (shapeshifter) (WizLab)
  2 iron dragon zombies
  A wolf spider (shapeshifter) (WizLab)
  A jorogumo zombie (Crypt:1)
  27 ugly things
  11 manticores
  A fire giant zombie (Depths:2)
  9 orc sorcerers
  A stone giant zombie (Vaults:2)
  A salamander (Abyss:3)
  27 starcursed masses
  A shining eye (shapeshifter) (Vaults:4)
  A spectral centaur (D:14)
  26 moths of wrath
  A manticore (shapeshifter) (Vaults:5)
  8 shining eyes
  A spectral ettin (Tar:4)
  A stone giant skeleton (Vaults:4)
  13 elephants
  A moth of wrath (shapeshifter) (Vaults:5)
  A shock serpent zombie (Crypt:1)
  15 cyclopes
  6 guardian serpents
  A frost giant skeleton (Depths:2)
  An apocalypse crab (Abyss:4)
  17 merfolk sirens
  A fire giant skeleton (Depths:2)
  4 ice statues
  7 water nymphs
  5 black mambas
  7 rust devils
  9 vault sentinels
  4 eyes of devastation
  A black mamba (shapeshifter) (WizLab)
  A torpor snail (shapeshifter) (WizLab)
  11 torpor snails
  29 orange demons (Pan)
  3 centaur skeletons
  7 titan simulacra
  A water nymph (shapeshifter) (Vaults:4)
  9 molten gargoyles
  116 smoke demons
  17 cane toads
  A gargoyle (D:9)
  A dire elephant skeleton (Tar:7)
  A rime drake (shapeshifter) (WizLab)
  A green draconian zombie (Crypt:2)
  2 naga skeletons (Pan)
  A cane toad (shapeshifter) (WizLab)
  61 hellions
  7 rime drakes
  4 anaconda simulacra
  35 hellwings
  22 yaktaurs
  Maggie (D:7)
  7 ancient zymes
  62 demonic crawlers
  A yaktaur (shapeshifter) (WizLab)
  3 kobold demonologists (D:13)
  16 efreet
  41 guardian mummies
  6 komodo dragons
  3 tengu conjurers
  11 ice devils
  A komodo dragon (shapeshifter) (WizLab)
  2 spectral harpies
  2 iron giant simulacra
  10 red devils (Pan)
  26 tormentors
  25 freezing wraiths
  5 spectral nagas
  An unseen horror skeleton (Crypt:3)
  A mana viper skeleton (Crypt:3)
  A catoblepas skeleton (Crypt:3)
  A yaktaur skeleton (Vaults:2)
  6 meliai
  2 hydra zombies
  12 wind drakes
  A golden dragon simulacrum (Coc:7)
  3 silent spectres
  3 meliai (shapeshifter) (WizLab)
  30 merfolk
  6 trolls
  5 polar bears
  31 tarantellas
  2 harpy zombies (Tomb:2)
  A queen bee (shapeshifter) (Elf:2)
  A sea snake skeleton (Hell)
  4 tyrant leeches (Lair:5)
  A harpy skeleton (D:14)
  A sphinx simulacrum (Depths:2)
  5 iron dragon simulacra
  3 shadow dragon simulacra
  65 saltlings (Desolation)
  A hornet (shapeshifter) (WizLab)
  16 raiju
  A raiju (shapeshifter) (WizLab)
  2 tengu simulacra
  2 death drake skeletons (Crypt:2)
  12 hornets
  25 blink frogs
  113 slime creatures
  16 snapping turtles
  A stone giant simulacrum (Coc:7)
  4 hydra skeletons
  A frost giant simulacrum (Depths:2)
  16 dream sheep
  108 large abominations
  2 centaur simulacra
  19 culicivoras
  21 jumping spiders
  16 water elementals
  14 flying skulls
  2 jumping spiders (shapeshifter)
  An orc simulacrum (Coc:1)
  2 shadows (Crypt:3)
  22 wyverns
  8 wraiths
  7 dire elephant simulacra
  An ice dragon skeleton (Crypt:1)
  102 ynoxinuls
  6 air elementals
  6 naga simulacra
  2 yaks (shapeshifter) (WizLab)
  5 vampires
  2 hogs (shapeshifter)
  8 fire elementals
  A human (shapeshifter) (WizLab)
  9 fire bats
  38 yaks
  5 ushabtiu
  An alligator snapping turtle simulacrum (Coc:2)
  A death yak simulacrum (Lair:1)
  50 neqoxecs
  A black mamba skeleton (Pan)
  19 golden eyes
  A basilisk (shapeshifter) (D:15)
  4 basilisks
  Grum (D:9)
  6 vampire mosquitoes
  42 iron golems
  79 chaos spawn
  43 redbacks
  A glowing orange brain zombie (Crypt:3)
  2 nagas (Abyss:3)
  11 wargs
  7 spatial vortices (Abyss:4)
  A naga (shapeshifter) (WizLab)
  21 harpy simulacra
  A swamp worm (shapeshifter) (Vaults:4)
  5 hydra simulacra
  23 water moccasins
  8 floating eyes
  Duvessa (D:7)
  A deep troll skeleton (Tomb:1)
  A glowing shapeshifter skeleton (Vaults:4)
  2 hell hounds (Spider:2)
  3 sky beasts
  6 ettin simulacra
  2 ice beasts (D:5)
  28 orc warriors
  2 floating eye zombies
  A manticore skeleton (Crypt:2)
  10 ogres
  24 wolves
  An alligator simulacrum (Hell)
  A snapping turtle skeleton (Crypt:1)
  13 centaurs
  A lindwurm skeleton (Crypt:2)
  2 kobold brigands
  A vine stalker zombie (Crypt:1)
  2 elf zombies (Ossuary)
  9 bullfrogs
  2 elf skeletons (D:7)
  A salamander skeleton (Crypt:3)
  A cane toad simulacrum (Lair:1)
  3 gnoll sergeants
  4 necrophages
  A glowing shapeshifter simulacrum (Depths:2)
  6 earth elementals
  10 small abominations
  3 wights (D:7)
  A polar bear zombie (Crypt:3)
  Dowan (D:7)
  An elephant simulacrum (Lair:1)
  3 electric eels
  A polar bear skeleton (Crypt:1)
  5 howler monkeys
  3 vampire bats (D:10)
  A troll skeleton (Crypt:2)
  4 crimson imps (Abyss:4)
  8 human zombies
  16 orc priests
  3 centaur zombies
  5 hounds
  Crazy Yiuf (D:6)
  A gnoll bouda (D:5)
  An iron imp (Pan)
  A jelly (D:6)
  3 human skeletons
  4 iguanas
  19 orc wizards
  19 hell rats
  A wolf simulacrum (Lair:1)
  3 hound zombies (Ossuary)
  37 mummies
  A howler monkey zombie (Crypt:1)
  24 gnolls
  5 adders
  3 shadow imps
  5 white imps
  2 adder zombies (Ossuary)
  3 worms
  A dart slug (D:2)
  52 orcs
  5 ball pythons
  10 endoplasms
  3 giant cockroaches
  7 hobgoblins
  2 jackals
  28 kobolds
  2 quokkas (D:1)
  6 bats
  A frilled lizard skeleton (Crypt:1)
  2 gnoll zombies (Ossuary)
  10 goblins
  4 goblin zombies (Ossuary)
  4 hobgoblin zombies (Ossuary)
  4 jackal zombies (Ossuary)
  4 kobold zombies (Ossuary)
  An orc skeleton (D:7)
  An orc zombie (D:7)
  5 quokka zombies (Ossuary)
  6 rats
  2 rat zombies (Ossuary)
  A ball lightning (Pan)
  10 creeping infernos
  53 fire vortices
  3 starspawn tentacles (Abyss:4)
5383 creatures vanquished.

Vanquished Creatures (collateral kills)
  Antaeus (Coc:7)
  2 dread liches
  Mennas (Vaults:2)
  Bai Suzhen (Spider:3)
  3 shard shrikes (Coc:7)
  4 caustic shrikes
  A mutant beast (WizLab)
  3 bone dragons (Tar:7)
  3 Tzitzimimeh (Tar:7)
  A tainted leviathan (Tar:7)
  4 sphinxes (Tomb:1)
  A titan (Coc:4)
  Frances (Shoals:2)
  An ancient champion (Dis:7)
  A storm dragon (Zot:5)
  An azure jelly (Coc:7)
  A fire giant (Geh:1)
  A vault warden (Vaults:4)
  An ironbound preserver (Vaults:4)
  4 war gargoyles
  A bennu (Tomb:1)
  2 deep elf annihilators (Elf:3)
  2 eidola (Tar:7)
  A merfolk impaler (Shoals:4)
  3 mummy priests
  An ogre mage (Vaults:4)
  11 death scarabs (Tomb:1)
  A death yak (IceCv)
  A titan zombie (Tomb:1)
  A hell hog (Geh:1)
  An ironbound convoker (Vaults:4)
  2 fauns (Shoals:2)
  A centaur zombie (Tomb:1)
  2 merfolk sirens
  2 vault sentinels (Vaults:4)
  2 titan simulacra (Coc:2)
  2 tormentors
  5 guardian mummies (Tomb:1)
  A rime drake (IceCv)
  A meliai (Shoals:2)
  A wind drake (Shoals:4)
  A polar bear (IceCv)
  A hornet (D:11)
  8 flying skulls
  An air elemental (Shoals:4)
  8 ushabtiu
  An ettin simulacrum (Coc:4)
  15 mummies
115 creatures vanquished.

Vanquished Creatures (others)
  A hellephant (Geh:5)
  A shard shrike simulacrum (Coc:7)
  A red draconian (Zot:4)
  A blizzard demon (Pan)
  A fire dragon (Depths:2)
  A vault guard (Vaults:5)
  A deep elf knight (Elf:2)
  A quicksilver dragon simulacrum (Coc:6)
  An ironbound convoker (Desolation)
  A smoke demon (Pan)
  A molten gargoyle (Desolation)
  A hellwing (Pan)
  An anaconda simulacrum (Coc:7)
  A saltling (Desolation)
  A yak (IceCv)
  A fire bat (Pan)
  An alligator snapping turtle simulacrum (Coc:2)
  A hog (shapeshifter) (WizLab)
  A harpy simulacrum (Coc:1)
  An ettin simulacrum (Coc:4)
  A kobold brigand (D:8)
  A small abomination (Abyss:4)
  A howler monkey (D:11)
  An orc (D:15)
  2 ball lightnings (Pan)
  A bush (Lair:5)
  3 creeping infernos
  3 fire vortices
  60 fungi
  164 plants
  9 starspawn tentacles (Abyss:4)
  4 tentacles (Abyss:4)
  4 withered plants
274 creatures vanquished.

Grand Total: 5772 creatures vanquished

Notes
Turn   | Place    | Note
-------+----------+-------------------------------------------
     0 | D:1      | Wyvric the Octopode Earth Elementalist began the quest for
                  | the Orb.
     0 | D:1      | Reached XP level 1. HP: 11/11 MP: 3/3
   431 | D:1      | Reached XP level 2. HP: 17/17 MP: 3/5
   518 | D:1      | Learned a level 2 spell: Passwall
  1163 | D:2      | Reached XP level 3. HP: 21/21 MP: 4/6
  2251 | D:3      | Found Kint's Distillery.
  2312 | D:3      | Learned a level 3 spell: Stone Arrow
  2491 | D:3      | Bought a potion of curing for 30 gold pieces
  2749 | D:3      | Found a shimmering altar of Xom.
  2750 | D:3      | Found a white marble altar of Elyvilon.
  2751 | D:3      | Found an opulent altar of Gozag.
  2752 | D:3      | Found a sparkling altar of Nemelex Xobeh.
  2753 | D:3      | Found a stormy altar of Qazlal.
  2755 | D:3      | Found a radiant altar of Vehumet.
  3067 | D:3      | Found a faded altar of an unknown god.
  3117 | D:3      | Found a shadowy altar of Dithmenos.
  3164 | D:3      | Reached XP level 4. HP: 27/27 MP: 6/8
  3274 | D:4      | Noticed a necrophage
  3476 | D:3      | Bought a potion of haste for 100 gold pieces
  3595 | D:4      | Found a sacrificial altar of Ru.
  3826 | D:4      | Reached skill level 1 in Conjurations
  3826 | D:4      | Reached XP level 5. HP: 21/31 MP: 4/9
  4066 | D:4      | Reached skill level 5 in Earth Magic
  4139 | D:4      | Found a staircase to the Ecumenical Temple.
  4148 | Temple   | Entered the Ecumenical Temple
  4199 | Temple   | Became a worshipper of the Wu Jian Council
  4337 | D:5      | Entered Level 5 of the Dungeon
  4561 | D:5      | Found an iron altar of Okawaru.
  4651 | D:5      | Reached XP level 6. HP: 36/36 MP: 5/10
  4686 | D:5      | Noticed an ice beast
  4788 | D:5      | Noticed an ice beast
  4894 | D:4      | Learned a level 4 spell: Petrify
  6138 | D:5      | Reached XP level 7. HP: 41/41 MP: 7/11
  7191 | D:6      | Found a runed translucent door.
  7192 | D:6      | Noticed Crazy Yiuf
  7523 | D:6      | Reached XP level 8. HP: 46/46 MP: 5/12
  7720 | D:6      | Reached skill level 5 in Transmutations
  8149 | D:7      | Identified a scroll of acquirement
  8149 | D:7      | Acquired a +2 hat of stealth
  8488 | D:7      | Noticed Maggie
  8570 | D:7      | Found a sand-covered staircase.
  8581 | Ossuary  | Entered an ossuary
  8606 | Ossuary  | Reached * piety under Wu Jian
  8685 | Ossuary  | Reached skill level 5 in Stealth
  8891 | Ossuary  | Reached XP level 9. HP: 44/51 MP: 13/13
  8897 | Ossuary  | Reached ** piety under Wu Jian
  8955 | D:7      | Noticed Dowan
  9104 | D:7      | Found a basalt altar of Yredelemnul.
  9465 | D:7      | Killed Dowan
  9538 | D:7      | Noticed Duvessa
  9554 | D:7      | Killed Duvessa
 10902 | D:9      | Noticed Pikel
 10914 | D:8      | Killed Pikel
 10915 | D:8      | Reached skill level 10 in Stealth
 11118 | D:9      | Noticed Grum
 11376 | D:9      | Reached XP level 10. HP: 56/56 MP: 6/14
 11537 | D:9      | Reached skill level 1 in Fighting
 11751 | D:9      | Noticed a gargoyle
 11799 | D:9      | Killed a gargoyle
 12083 | D:9      | Killed Grum
 12084 | D:9      | Reached skill level 1 in Short Blades
 12191 | D:10     | Entered Level 10 of the Dungeon
 12364 | D:10     | Found a staircase to the Orcish Mines.
 12911 | D:10     | Reached *** piety under Wu Jian
 13010 | D:10     | Found a transporter.
 13012 | D:10     | Noticed a two-headed ogre
 13016 | D:10     | Found a transporter.
 13023 | D:10     | Noticed a deep troll
 13034 | D:10     | Noticed AarnesTheHuman's ghost (journeyman HOMo)
 13034 | D:10     | Noticed Nergalle
 13035 | D:10     | Noticed a two-headed ogre
 13037 | D:10     | Noticed a moth of wrath
 13040 | D:10     | Found a bloodstained altar of Trog.
 13435 | D:10     | Noticed a two-headed ogre
 13443 | D:10     | Killed a two-headed ogre
 13444 | D:10     | Reached skill level 5 in Short Blades
 14129 | D:10     | Killed Nergalle
 14263 | D:10     | Noticed Erica
 14963 | D:11     | Reached XP level 11. HP: 67/67 MP: 10/15
 15755 | D:11     | Reached skill level 10 in Earth Magic
 15817 | D:11     | Noticed a two-headed ogre
 15871 | D:11     | Killed a two-headed ogre
 15880 | D:11     | Noticed a centaur warrior
 15939 | D:11     | Found a staircase to the Lair.
 16281 | D:11     | Noticed a five-headed hydra
 16838 | D:11     | Killed a centaur warrior
 16839 | D:11     | Reached skill level 1 in Evocations
 17209 | D:11     | Found a staircase to the Lair.
 17217 | D:11     | Killed a five-headed hydra
 17218 | D:11     | Reached skill level 5 in Fighting
 17968 | D:12     | Noticed a cyclops
 17996 | D:12     | Noticed a death drake
 17996 | D:12     | a cyclops changed into a death drake
 18523 | D:12     | Reached skill level 5 in Evocations
 18594 | D:12     | Noticed a deep elf pyromancer
 18595 | D:12     | Killed a deep elf pyromancer
 18598 | D:12     | Noticed a manticore
 18677 | Lair:1   | Entered Level 1 of the Lair of Beasts
 18714 | Lair:1   | Noticed a five-headed hydra
 18763 | Lair:1   | Found a frozen archway.
 18763 | Lair:1   | Killed a five-headed hydra
 18763 | Lair:1   | Reached XP level 12. HP: 77/77 MP: 13/16
 18867 | Lair:1   | Noticed a seven-headed hydra
 18878 | IceCv    | Entered an ice cave
 19073 | IceCv    | Noticed a death yak
 19085 | IceCv    | Killed a death yak
 19245 | IceCv    | Noticed a death yak
 19250 | IceCv    | Noticed a death yak
 19250 | IceCv    | Killed a death yak
 19250 | IceCv    | Killed a death yak
 19354 | IceCv    | Noticed a frost giant
 19844 | IceCv    | Reached skill level 15 in Stealth
 19850 | IceCv    | Noticed a death yak
 19865 | IceCv    | Noticed a death yak
 19887 | IceCv    | Killed a death yak
 19897 | IceCv    | Killed a death yak
 20006 | IceCv    | Noticed a death yak
 20156 | Lair:1   | Killed a seven-headed hydra
 20663 | Lair:1   | Noticed Gastronok
 20686 | Lair:1   | Reached skill level 10 in Evocations
 21651 | Lair:1   | Killed Gastronok
 21652 | Lair:1   | Reached XP level 13. HP: 86/86 MP: 13/17
 22478 | Lair:1   | Learned a level 2 spell: Wereblood
 24676 | Lair:3   | Found a gate leading to a gauntlet.
 24734 | Gauntlet | Entered a Gauntlet
 24734 | Gauntlet | Found a transporter.
 24747 | Gauntlet | Found a transporter.
 24755 | Gauntlet | Found a transporter.
 24759 | Gauntlet | Found a transporter.
 24767 | Gauntlet | Found a transporter.
 24771 | Gauntlet | Found a transporter.
 24777 | Gauntlet | Noticed a great orb of eyes
 24779 | Gauntlet | Found a transporter.
 24783 | Gauntlet | Found a transporter.
 24796 | Gauntlet | Found a transporter.
 24798 | Gauntlet | Noticed a great orb of eyes
 24823 | Gauntlet | Found a transporter.
 24835 | Gauntlet | Found a transporter.
 24848 | Gauntlet | Found a transporter.
 24861 | Gauntlet | Found a transporter.
 24864 | Gauntlet | Found a transporter.
 25018 | Lair:3   | Found a staircase to the Shoals.
 25539 | Lair:3   | Found a radiant altar of Vehumet.
 25824 | Lair:3   | Found a hole to the Spider Nest.
 26436 | Lair:4   | Reached **** piety under Wu Jian
 26437 | Lair:4   | Reached skill level 10 in Short Blades
 28012 | Lair:4   | Reached XP level 14. HP: 92/92 MP: 11/18
 28322 | Lair:5   | Entered Level 5 of the Lair of Beasts
 28669 | Lair:4   | Reached skill level 10 in Transmutations
 30692 | Lair:5   | Reached ***** piety under Wu Jian
 30742 | Lair:5   | Found a staircase to the Slime Pits.
 30742 | Lair:5   | Found a viscous altar of Jiyva.
 31036 | Lair:5   | Reached skill level 5 in Dodging
 32927 | Lair:5   | Found a runed translucent door.
 33784 | Lair:5   | Reached skill level 5 in Spellcasting
 34303 | D:12     | Reached XP level 15. HP: 97/97 MP: 4/22
 34642 | D:13     | Found the +3 pair of mountain boots {steadfast, rC+}
 36119 | Orc:1    | Entered Level 1 of the Orcish Mines
 36119 | Orc:1    | Found Acaenn's Antique Armour Shoppe.
 36464 | Orc:2    | Entered Level 2 of the Orcish Mines
 36464 | Orc:2    | Found a staircase to the Elven Halls.
 36750 | Orc:2    | Noticed an orc warlord
 36772 | Orc:2    | Killed an orc warlord
 37740 | Orc:2    | Found Usom Kam's Jewellery Shop.
 37780 | Orc:2    | Found Feasmun's Antique Weapon Shop.
 37841 | Orc:2    | Noticed Sonja
 37848 | Orc:2    | Killed Sonja
 38028 | Orc:2    | Found Hiuvoug's Antique Armour Shop.
 38044 | Orc:2    | Found Aposkas's General Store.
 38537 | Orc:1    | Bought a runed buckler for 232 gold pieces
 38578 | Orc:2    | Bought a +4 ring of protection for 468 gold pieces
 38578 | Orc:2    | Bought a ring of see invisible for 195 gold pieces
 38605 | Elf:1    | Entered Level 1 of the Elven Halls
 38740 | D:14     | Found a gate to the Vaults.
 38767 | D:14     | Identified the +4 great sword of Stickiness {flame, rElec
                  | rF- rCorr Dex+3}
 38774 | D:14     | Acquired 812 gold pieces
 38955 | D:14     | Noticed Lodul
 39460 | Orc:2    | Bought a runed dagger for 135 gold pieces
 39476 | Orc:2    | Bought a scroll of fog for 56 gold pieces
 39602 | Shoals:1 | Entered Level 1 of the Shoals
 40593 | Shoals:1 | Reached XP level 16. HP: 108/108 MP: 21/26
 40734 | Shoals:1 | Noticed a kraken
 41117 | Shoals:1 | Killed a kraken
 41697 | Shoals:2 | Noticed Polyphemus
 42403 | Shoals:2 | Found a hide-covered altar of Uskayaw.
 42671 | Shoals:2 | Reached skill level 15 in Transmutations
 42833 | Shoals:2 | Identified the +10 longbow "Impbane" {freeze, rPois MP+9}
 43121 | Shoals:2 | Noticed Frances
 43502 | Shoals:2 | Identified the ring of the Imp {rElec rN+ Dex+5}
 43571 | Shoals:2 | Killed Polyphemus
 44038 | Shoals:2 | Killed Frances
 44159 | Shoals:3 | Found a runed translucent door.
 44160 | Shoals:3 | Found a shimmering altar of Xom.
 44160 | Shoals:3 | Noticed case's ghost (adept MiBe)
 44411 | Shoals:3 | Reached XP level 17. HP: 89/112 MP: 7/27
 44603 | Shoals:3 | Got Sif Muna's Octavo of the Welkin and the Ground
 44987 | Shoals:3 | Learned a level 3 spell: Ignite Poison
 45062 | Shoals:3 | Learned a level 5 spell: Borgnjor's Vile Clutch
 45114 | Shoals:3 | Noticed Ilsuiw
 45363 | Shoals:3 | Reached skill level 1 in Shields
 45582 | Shoals:4 | Entered Level 4 of the Shoals
 45584 | Shoals:4 | Reached skill level 1 in Necromancy
 46078 | Shoals:4 | Identified the +1 robe of the Storm King {Str+4 Dex+5
                  | Stlth+}
 46560 | Shoals:4 | Reached skill level 10 in Fighting
 47057 | Shoals:4 | Paralysed by an air elemental for 1 turns
 47063 | Shoals:4 | Paralysed by an air elemental for 1 turns
 47634 | Shoals:4 | Paralysed by an air elemental for 1 turns
 48221 | Shoals:4 | Noticed a titan
 48283 | Shoals:4 | Killed a titan
 48345 | Shoals:4 | Got a barnacled rune of Zot
 48453 | Shoals:4 | Got the Secrets of the Congregated Brume
 48655 | Shoals:4 | Learned a level 3 spell: Mephitic Cloud
 49049 | Shoals:3 | Killed Ilsuiw
 49731 | Shoals:3 | Identified the ring "Jiewuf" {Fire rElec Str+3 Int+8
                  | Slay-2}
 49944 | Elf:1    | Noticed a Brimstone Fiend
 50169 | Elf:1    | Found Dong's Distillery.
 50528 | Elf:1    | Noticed Kirke
 50530 | Elf:1    | Killed Kirke
 50531 | Elf:1    | Reached skill level 5 in Shields
 50545 | Elf:1    | Noticed Agnes
 50546 | Elf:1    | Killed Agnes
 50547 | Elf:1    | Reached skill level 5 in Necromancy
 50616 | Elf:1    | Found a radiant altar of Vehumet.
 50769 | Elf:1    | Reached XP level 18. HP: 120/120 MP: 28/28
 50810 | Elf:1    | Bought a potion of curing for 33 gold pieces
 50810 | Elf:1    | Bought a potion of curing for 33 gold pieces
 50810 | Elf:1    | Bought a potion of haste for 110 gold pieces
 50810 | Elf:1    | Bought a potion of heal wounds for 55 gold pieces
 50810 | Elf:1    | Bought a potion of heal wounds for 55 gold pieces
 50810 | Elf:1    | Bought a potion of might for 44 gold pieces
 51053 | Elf:2    | Found an ancient bone altar of Kikubaaqudgha.
 52111 | Elf:2    | Reached skill level 15 in Earth Magic
 52156 | Elf:2    | Paralysed by an air elemental for 1 turns
 52158 | Elf:2    | Paralysed by an air elemental for 1 turns
 52589 | Elf:2    | Found a runed translucent gate.
 52589 | Elf:2    | Found a runed translucent gate.
 52599 | Elf:2    | Found a runed translucent gate.
 53643 | Elf:2    | Found Riuredyu's Jewellery Emporium.
 53865 | Elf:2    | Noticed a deep elf blademaster
 53959 | Elf:2    | Killed a deep elf blademaster
 54363 | Elf:2    | Reached skill level 10 in Dodging
 54607 | Elf:2    | Noticed Saint Roka
 55308 | Elf:2    | Killed Saint Roka
 55789 | Elf:3    | Entered Level 3 of the Elven Halls
 56864 | Elf:3    | Reached XP level 19. HP: 126/126 MP: 14/29
 57789 | Elf:3    | Noticed Zenata
 57814 | Elf:3    | Killed Zenata
 58076 | Elf:3    | Reached skill level 15 in Evocations
 58637 | Elf:3    | Noticed a Hell Sentinel
 59772 | Elf:3    | Identified the +11 spear "Teus" {flame, rPois}
 60741 | Elf:3    | Identified the +6 morningstar "Pojesaaz" {flame, rC+ Str-3
                  | Int+3}
 60798 | Elf:3    | Identified the ring of Woeziec {rPois rC+ Dex+4 SInv}
 60829 | Elf:3    | Identified the +5 long sword "Isyphogg" {protect, Will+
                  | rCorr}
 60845 | Elf:3    | Identified the +8 plate armour of Intuition {rPois rF-
                  | rCorr}
 60990 | Elf:3    | Learned a level 6 spell: Eringya's Noxious Bog
 61167 | Elf:1    | Bought a potion of experience for 550 gold pieces
 61167 | Elf:1    | Reached XP level 20. HP: 132/132 MP: 33/33
 61294 | D:6      | Killed Crazy Yiuf
 61404 | D:7      | Killed Maggie
 61515 | D:10     | Killed Erica
 62037 | Spider:1 | Entered Level 1 of the Spider Nest
 62042 | Spider:1 | Reached skill level 5 in Poison Magic
 62200 | Spider:1 | Identified the +3 plate armour of Trumpets {Regen+}
 62237 | Spider:1 | Noticed Donald
 62245 | Spider:1 | Killed Donald
 63434 | Spider:2 | Noticed Arachne
 63441 | Spider:2 | Reached skill level 10 in Spellcasting
 63443 | Spider:2 | Killed Arachne
 63829 | Spider:2 | Noticed Mlioglotl
 63850 | Spider:2 | Killed Mlioglotl
 63981 | Spider:2 | Noticed Azrael
 64015 | Spider:2 | Acquired 739 gold pieces
 64050 | Spider:2 | Reached XP level 21. HP: 78/137 MP: 16/35
 64318 | Spider:2 | Killed Azrael
 64666 | Spider:2 | Noticed Jorgrun
 64842 | Spider:2 | Killed Jorgrun
 66815 | Spider:3 | Identified the +8 war axe of Bukuh {freeze, rC+ Str-3 Int+7
                  | Stlth+}
 66994 | Spider:4 | Entered Level 4 of the Spider Nest
 66994 | Spider:4 | Noticed Asterion
 66996 | Spider:4 | Killed Asterion
 67261 | Spider:4 | Found a runed translucent gate.
 67261 | Spider:4 | Found a runed translucent gate.
 67261 | Spider:4 | Found a runed translucent gate.
 67261 | Spider:4 | Noticed Rod Caur's ghost (adept HOFi)
 67262 | Spider:4 | Noticed Aviun's ghost (adept SpEn)
 67262 | Spider:4 | Noticed Gasch's ghost (adept MiFi)
 67262 | Spider:4 | Noticed Bolleh's ghost (journeyman GnSk)
 67263 | Spider:4 | Found the +8 orange crystal plate armour {Archmagi, Int+3
                  | Clar}
 68094 | Spider:4 | Noticed Bai Suzhen
 68320 | Spider:3 | Killed Bai Suzhen
 69696 | Spider:4 | Identified the +0 hat of Protective Custody {Int+4 SInv}
 69698 | Spider:4 | Got a gossamer rune of Zot
 70675 | D:14     | Killed Lodul
 71034 | D:15     | Entered Level 15 of the Dungeon
 71215 | D:15     | Found a staircase to the Depths.
 71553 | D:15     | Found a glowing silver altar of Zin.
 71619 | Vaults:1 | Entered Level 1 of the Vaults
 71770 | Vaults:1 | Reached XP level 22. HP: 148/148 MP: 37/37
 73305 | Vaults:2 | Found a magical portal.
 73358 | WizLab   | Entered Cigotuvi's Fleshworks
 73909 | WizLab   | Got the Incunabulum of Transmigration
 73919 | WizLab   | Got Cigotuvi's Encyclopedia of Ghastly Shaping
 73930 | WizLab   | Learned a level 7 spell: Dragon Form
 74188 | WizLab   | Reached skill level 1 in Unarmed Combat
 74193 | WizLab   | Paralysed by a floating eye for 4 turns
 74246 | WizLab   | Reached skill level 2 in Unarmed Combat
 74362 | WizLab   | Learned a level 7 spell: Storm Form
 74387 | WizLab   | Reached skill level 3 in Unarmed Combat
 74447 | WizLab   | Found the -2 hat of the Alchemist {rElec rPois rF+ rC+ rN+
                  | Will+ rMut rCorr}
 74759 | Vaults:2 | Identified the +0 scale mail of Lilacs {rF+}
 75140 | Vaults:2 | Found a staircase to the Crypt.
 75144 | Vaults:2 | Reached skill level 4 in Unarmed Combat
 75578 | Vaults:2 | Identified the +9 quarterstaff "Oqell" {spect, MP+9 Dex+2}
 75898 | Vaults:2 | Noticed Mennas
 75901 | Vaults:2 | Reached skill level 5 in Unarmed Combat
 75907 | Vaults:2 | Killed Mennas
 76328 | Orc:2    | Bought a scroll of brand weapon for 133 gold pieces
 76516 | Vaults:2 | Learned a level 6 spell: Iron Shot
 76711 | Vaults:3 | Reached skill level 6 in Unarmed Combat
 76837 | Vaults:3 | Found a crumbling gateway.
 76849 | Desolati | Entered the Desolation of Salt
 76946 | Desolati | Reached skill level 7 in Unarmed Combat
 76999 | Desolati | Identified the +7 flail "Uthahaqa" {pain, rN++}
 77011 | Desolati | Got the Incunabulum of Arenous Jinxing
 77294 | Desolati | Reached skill level 8 in Unarmed Combat
 77677 | Desolati | Reached skill level 5 in Conjurations
 77765 | Desolati | Reached XP level 23. HP: 151/151 MP: 31/39
 77836 | Desolati | Identified the amulet "Ruitrozo" {Spirit Will+ Int+6}
 77857 | Desolati | Identified the +0 robe of Damomp {-Cast Will+++ Stlth+}
 77867 | Desolati | Identified the +2 pair of gloves "Gyachaow" {+Blink rCorr}
 77940 | Desolati | Reached skill level 9 in Unarmed Combat
 78340 | Desolati | Found the +5 demon whip "Spellbinder" {antimagic, Will+}
 78351 | Desolati | Got the Encyclopedia of the Fifty Friars
 78354 | Desolati | Got Sif Muna's Precepts of Toxins and the Storm
 78403 | Desolati | Reached ****** piety under Wu Jian
 78604 | Vaults:3 | Learned a level 2 spell: Blink
 78610 | Vaults:3 | Learned a level 5 spell: Lee's Rapid Deconstruction
 78664 | Vaults:3 | Reached skill level 10 in Unarmed Combat
 79069 | Vaults:3 | Gained mutation: You occasionally lose the ability to read
                  | scrolls when taking damage. [mutagenic glow]
 79084 | Vaults:3 | Gained mutation: You sometimes lose the ability to read
                  | scrolls when taking damage. [mutagenic glow]
 79527 | Vaults:3 | Reached skill level 11 in Unarmed Combat
 80447 | Vaults:4 | Found the +9 heavy crossbow "Sniper" {vorpal, Acc+∞ SInv}
 80472 | Vaults:4 | Reached skill level 12 in Unarmed Combat
 80476 | Vaults:4 | Noticed a dread lich
 80495 | Vaults:4 | Killed a dread lich
 80513 | Vaults:4 | Got Advanced Wizardry
 80517 | Vaults:4 | Identified the +1 glaive "Ulann" {vorpal, *Corrode rC+
                  | Str+3 SInv}
 80835 | Vaults:4 | Reached skill level 13 in Unarmed Combat
 81488 | Vaults:4 | Reached skill level 14 in Unarmed Combat
 81904 | D:10     | Killed AarnesTheHuman's ghost
 82075 | Shoals:3 | Killed case's ghost
 82342 | Spider:4 | Killed Gasch's ghost
 82342 | Spider:4 | Killed Rod Caur's ghost
 82360 | Spider:4 | Killed Aviun's ghost
 82367 | Spider:4 | Killed Bolleh's ghost
 82573 | Slime:1  | Entered Level 1 of the Pits of Slime
 82683 | Slime:1  | Gained mutation: You are clumsy. (Dex -2) [a shining eye]
 82685 | Slime:1  | Reached XP level 24. HP: 151/160 MP: 17/39
 82686 | Slime:1  | Reached skill level 15 in Unarmed Combat
 82686 | Slime:1  | Gained mutation: You sometimes lose your temper in combat.
                  | [a shining eye]
 82724 | Slime:1  | Lost mutation: You sometimes lose the ability to read
                  | scrolls when taking damage. [potion of mutation]
 82724 | Slime:1  | Lost mutation: You sometimes lose your temper in combat.
                  | [potion of mutation]
 82724 | Slime:1  | Lost mutation: You are clumsy. (Dex -2) [potion of
                  | mutation]
 82724 | Slime:1  | Gained mutation: Your natural rate of healing is unusually
                  | fast. [potion of mutation]
 82724 | Slime:1  | Gained mutation: You are robust. (+10% HP) [potion of
                  | mutation]
 82724 | Slime:1  | Gained mutation: Your muscles are strong. (Str +4, Int/Dex
                  | -1) [potion of mutation]
 83106 | Slime:2  | Gained mutation: You have hidden genetic defects. [a
                  | shining eye]
 84006 | Slime:3  | Reached skill level 16 in Unarmed Combat
 84355 | Slime:4  | Gained mutation: You have terrible hidden genetic defects.
                  | [hidden defects]
 84775 | Slime:5  | Entered Level 5 of the Pits of Slime
 84850 | Slime:5  | Noticed the Royal Jelly
 84963 | Slime:4  | Lost mutation: Your muscles are strong. (Str +4, Int/Dex
                  | -1) [potion of mutation]
 84963 | Slime:4  | Lost mutation: Your natural rate of healing is unusually
                  | fast. [potion of mutation]
 84963 | Slime:4  | Lost mutation: You have terrible hidden genetic defects.
                  | [potion of mutation]
 84963 | Slime:4  | Gained mutation: You are agile. (Dex +4, Str/Int -1)
                  | [potion of mutation]
 84964 | Slime:4  | Lost mutation: You have hidden genetic defects. [potion of
                  | mutation]
 84964 | Slime:4  | Lost mutation: You are agile. (Dex +4, Str/Int -1) [potion
                  | of mutation]
 84964 | Slime:4  | Lost mutation: You are robust. (+10% HP) [potion of
                  | mutation]
 84964 | Slime:4  | Lost mutation: You occasionally lose the ability to read
                  | scrolls when taking damage. [potion of mutation]
 84964 | Slime:4  | Gained mutation: You are occasionally teleported next to
                  | monsters. [potion of mutation]
 84964 | Slime:4  | Gained mutation: You occasionally lose the ability to drink
                  | potions when taking damage. [potion of mutation]
 84965 | Slime:4  | Lost mutation: You occasionally lose the ability to drink
                  | potions when taking damage. [potion of mutation]
 84965 | Slime:4  | Lost mutation: You are occasionally teleported next to
                  | monsters. [potion of mutation]
 84965 | Slime:4  | Gained mutation: You sometimes lose your temper in combat.
                  | [potion of mutation]
 84965 | Slime:4  | Gained mutation: You are partially covered in iridescent
                  | scales. (AC +2) [potion of mutation]
 84965 | Slime:4  | Gained mutation: Your mind is acute. (Int +4, Str/Dex -1)
                  | [potion of mutation]
 84966 | Slime:4  | Lost mutation: Your mind is acute. (Int +4, Str/Dex -1)
                  | [potion of mutation]
 84966 | Slime:4  | Lost mutation: You are partially covered in iridescent
                  | scales. (AC +2) [potion of mutation]
 84966 | Slime:4  | Gained mutation: Your magical capacity is low. (-10% MP)
                  | [potion of mutation]
 84967 | Slime:4  | Lost mutation: Your magical capacity is low. (-10% MP)
                  | [potion of mutation]
 84967 | Slime:4  | Lost mutation: You sometimes lose your temper in combat.
                  | [potion of mutation]
 84967 | Slime:4  | Gained mutation: Your body sometimes deteriorates upon
                  | taking damage. [potion of mutation]
 84967 | Slime:4  | Gained mutation: You have an increased reservoir of magic.
                  | (+10% MP) [potion of mutation]
 85002 | Slime:5  | Killed the Royal Jelly
 85003 | Slime:5  | Reached skill level 17 in Unarmed Combat
 86277 | Slime:5  | Found the +7 mace of Variability {chain chaos}
 86291 | Slime:5  | Got a slimy rune of Zot
 86345 | Slime:5  | Identified the +6 spear of Watchfulness {distort, rElec
                  | rC++ Will+ Int-3}
 86347 | Slime:5  | Identified the +0 longbow of the Unseen Realm {freeze, rC-
                  | Dex+3}
 87099 | Depths:1 | Entered Level 1 of the Depths
 87109 | Depths:1 | Found Exty's Magic Scroll Shoppe.
 87114 | Depths:1 | Found Kifalel's Weapon Emporium.
 87216 | Depths:1 | Bought a scroll of magic mapping for 105 gold pieces
 87228 | Depths:1 | Bought a scroll of brand weapon for 133 gold pieces
 87717 | Depths:1 | Reached skill level 18 in Unarmed Combat
 87824 | Depths:1 | Found a corrupted altar of Lugonu.
 87825 | Depths:1 | Found a one-way gate to the infinite horrors of the Abyss.
 88045 | Depths:1 | Identified the +1 leather armour "Xahoroun" {Will+ rCorr}
 88105 | Depths:1 | Found a gateway to Hell.
 88223 | Depths:1 | Paralysed by a floating eye for 4 turns
 88236 | Depths:1 | Reached skill level 19 in Unarmed Combat
 88424 | Depths:1 | Identified the ring "Nupnashrue" {rF+ rN+ rCorr}
 88557 | Depths:2 | Noticed the Enchantress
 88566 | Abyss:3  | Cast into level 3 of the Abyss (the Enchantress)
 88635 | Abyss:3  | Reached XP level 25. HP: 165/165 MP: 23/42
 88765 | Depths:2 | Escaped the Abyss
 88771 | Depths:2 | Killed the Enchantress
 88774 | Depths:2 | Reached skill level 20 in Unarmed Combat
 88792 | Depths:2 | Identified the ring "Riukkus" {Ice Str+4 Int+8}
 88792 | Depths:2 | Noticed Josephina
 88800 | Depths:2 | Killed Josephina
 89201 | Depths:2 | Noticed Vv
 89341 | Depths:2 | Killed Vv
 89755 | Depths:2 | Paralysed by a floating eye for 2 turns
 89806 | Depths:2 | Noticed Mara
 89860 | Depths:2 | Found a one-way gate leading to the halls of Pandemonium.
 89871 | Depths:2 | Paralysed by a floating eye for 4 turns
 89877 | Depths:2 | Reached skill level 21 in Unarmed Combat
 89898 | Depths:2 | Killed Mara
 90071 | Depths:2 | Found a transporter.
 90073 | Depths:2 | Found a transporter.
 90074 | Depths:2 | Found a transporter.
 90081 | Depths:2 | Found a transporter.
 90626 | Depths:3 | Noticed a juggernaut
 90631 | Depths:3 | Killed a juggernaut
 90694 | Depths:3 | Noticed a juggernaut
 90708 | Depths:3 | Killed a juggernaut
 91394 | Depths:3 | Noticed a juggernaut
 91399 | Depths:3 | Killed a juggernaut
 91402 | Depths:3 | Noticed Louise
 91410 | Depths:3 | Killed Louise
 91714 | Depths:3 | Reached XP level 26. HP: 179/179 MP: 29/42
 91850 | Depths:3 | Reached skill level 22 in Unarmed Combat
 92015 | Depths:3 | Got the Omnibus of Shapes
 92043 | Depths:3 | Identified the +0 pair of gloves of Precision Catastrophes
                  | {Regen+ Str+4}
 92115 | Depths:3 | Reached skill level 15 in Fighting
 92298 | Depths:3 | Found Kyomegho's Book Shoppe.
 92408 | Depths:3 | Found a one-way gateway to a ziggurat.
 92821 | Depths:3 | You fall into a shaft and drop 1 floor!
 92821 | Depths:4 | Entered Level 4 of the Depths
 92859 | Depths:4 | Found a gate to the Realm of Zot.
 93409 | Depths:4 | Noticed a juggernaut
 93412 | Depths:4 | Killed a juggernaut
 93830 | Vaults:5 | Entered Level 5 of the Vaults
 93943 | Vaults:5 | Found the +15 Maxwell's patent armour {-Cast -Tele rElec
                  | Will+ rCorr}
 93999 | Vaults:5 | Reached XP level 27. HP: 193/199 MP: 23/42
 94002 | Vaults:5 | Noticed an ancient lich
 94003 | Vaults:5 | Noticed a dread lich
 94007 | Vaults:5 | Killed an ancient lich
 94013 | Vaults:5 | Killed a dread lich
 94643 | Vaults:5 | Identified the +5 whip of Deformation {vorpal, rN+}
 94643 | Vaults:5 | Identified the ring "Opriguor" {rElec rF+ rC- rN++ rCorr}
 94701 | Vaults:5 | Identified the +1 plate armour of Aheacax {Rampage Str-3
                  | Slay+5 SInv}
 94712 | Vaults:5 | Got a silver rune of Zot
 95283 | Vaults:5 | Got The Last Secrets of Wizardry
 95355 | Vaults:5 | Identified the amulet "Oriykkes" {Spirit rN++ Slay-3}
 95587 | Vaults:5 | Identified the +4 morningstar "Qoudau" {vamp, rN+ Dex+7}
 95626 | Vaults:5 | Found the necklace of Bloodlust {*Rage Will++ Int-3 Slay+6}
 96005 | Zot:1    | Entered Level 1 of the Realm of Zot
 97690 | Zot:2    | Reached skill level 23 in Unarmed Combat
 98805 | Zot:2    | Acquired the ring of Ququtt {rPois rF++ Will+ Int+2 Dex+4
                  | Stlth+}
 99034 | Zot:3    | Reached skill level 24 in Unarmed Combat
100334 | Zot:4    | Noticed an orb of fire
100339 | Zot:4    | Killed an orb of fire
100341 | Zot:4    | Reached skill level 25 in Unarmed Combat
100364 | Zot:4    | Noticed an orb of fire
100365 | Zot:4    | Killed an orb of fire
101277 | Zot:5    | Entered Level 5 of the Realm of Zot
101340 | Zot:4    | Reached skill level 26 in Unarmed Combat
102003 | Zot:5    | Noticed a dread lich
102006 | Zot:5    | Killed a dread lich
102026 | Zot:5    | Noticed an orb of fire
102030 | Zot:5    | Killed an orb of fire
102229 | Zot:5    | Identified the +5 shortbow of the Genius {venom, Str+3
                  | Dex+4}
104242 | Pan      | Entered Pandemonium
104281 | Pan      | Noticed Aruumuz the pandemonium lord
104307 | Pan      | Reached skill level 27 in Unarmed Combat
104310 | Pan      | Killed Aruumuz the pandemonium lord
104891 | Pan      | Acquired the ring "Hupips" {rCorr MP+9 Dex+3}
106160 | Pan      | Learned a level 9 spell: Shatter
106334 | Pan      | Noticed Agimpeza the pandemonium lord
106344 | Pan      | Killed Agimpeza the pandemonium lord
107086 | Pan      | Got a demonic rune of Zot
107089 | Pan      | Got the Parchment of the Helpful Summer
107801 | Pan      | Noticed Fumapt the pandemonium lord
107801 | Pan      | Killed Fumapt the pandemonium lord
108802 | Pan      | Acquired Great Wizards, Vol. VII
109562 | Pan      | Identified the +9 quarterstaff "Geraynets" {vorpal, Str+6
                  | Dex+2}
109848 | Pan      | Acquired the ring "Cich" {rN+ rCorr MP+9}
109904 | Pan      | Noticed Jomoi the pandemonium lord
109910 | Pan      | Killed Jomoi the pandemonium lord
110766 | Pan      | Found an exit through the horrors of the Abyss.
111162 | Pan      | Entered the realm of Lom Lobon.
111352 | Pan      | Found an exit through the horrors of the Abyss.
111921 | Pan      | Noticed Lom Lobon
111926 | Pan      | Killed Lom Lobon
111934 | Pan      | Got a magical rune of Zot
112406 | Pan      | Gained mutation: You have hidden genetic defects. [a
                  | neqoxec]
112418 | Pan      | Lost mutation: Your body sometimes deteriorates upon taking
                  | damage. [potion of mutation]
112418 | Pan      | Lost mutation: You have hidden genetic defects. [potion of
                  | mutation]
112418 | Pan      | Lost mutation: You have an increased reservoir of magic.
                  | (+10% MP) [potion of mutation]
112418 | Pan      | Gained mutation: You do not regenerate when monsters are
                  | visible. [potion of mutation]
112418 | Pan      | Gained mutation: Your skin blends seamlessly with your
                  | surroundings (Stealth++). [potion of mutation]
112419 | Pan      | Lost mutation: You do not regenerate when monsters are
                  | visible. [potion of mutation]
112419 | Pan      | Lost mutation: Your skin blends seamlessly with your
                  | surroundings (Stealth++). [potion of mutation]
112419 | Pan      | Gained mutation: You occasionally lose the ability to drink
                  | potions when taking damage. [potion of mutation]
112419 | Pan      | Gained mutation: One of your tentacles bears a spike.
                  | [potion of mutation]
112419 | Pan      | Gained mutation: Your muscles are strong. (Str +4, Int/Dex
                  | -1) [potion of mutation]
112420 | Pan      | Lost mutation: You occasionally lose the ability to drink
                  | potions when taking damage. [potion of mutation]
112420 | Pan      | Lost mutation: One of your tentacles bears a spike. [potion
                  | of mutation]
112420 | Pan      | Lost mutation: Your muscles are strong. (Str +4, Int/Dex
                  | -1) [potion of mutation]
112420 | Pan      | Gained mutation: Your system is resistant to poisons.
                  | (rPois) [potion of mutation]
112420 | Pan      | Gained mutation: One of your tentacles bears a spike.
                  | [potion of mutation]
112525 | Pan      | Gained mutation: You are clumsy. (Dex -2) [a neqoxec]
113271 | Pan      | Entered the realm of Cerebov.
113687 | Pan      | Learned a level 8 spell: Lehudib's Crystal Spear
113840 | Pan      | Found an exit through the horrors of the Abyss.
114327 | Pan      | Found the +6 sword of Cerebov {flame}
114327 | Pan      | Noticed Cerebov
114396 | Pan      | Reached skill level 15 in Spellcasting
114397 | Pan      | Killed Cerebov
114681 | Pan      | Identified the +0 leather armour of Sorcery {*Slow rElec
                  | rN+ Str+3}
115327 | Pan      | Identified the +4 flail "Hebb" {pain, rF- Int+4 Dex+6}
115522 | Pan      | Identified the +1 whip of Ujeacruv {vorpal, rElec Str+4}
115600 | Pan      | Got a fiery rune of Zot
115698 | Pan      | Noticed Ganu the pandemonium lord
115699 | Pan      | Killed Ganu the pandemonium lord
116477 | Pan      | Entered the realm of Gloorx Vloq.
117442 | Pan      | Noticed Gloorx Vloq
117446 | Pan      | Killed Gloorx Vloq
117456 | Pan      | Got a dark rune of Zot
117577 | Pan      | Learned a level 5 spell: Yara's Violent Unravelling
117628 | Pan      | Found an exit through the horrors of the Abyss.
118168 | Pan      | Found a transporter.
118168 | Pan      | Identified the ring "Zaimaonu" {Drain rC+ rN+ Str+6 Stlth+}
118454 | Pan      | Noticed Jihut the pandemonium lord
118470 | Pan      | Killed Jihut the pandemonium lord
118913 | Pan      | Found an exit through the horrors of the Abyss.
119355 | Pan      | Found a transporter.
120306 | Pan      | Found a transporter.
120465 | Pan      | Reached skill level 10 in Shields
120764 | Pan      | Identified the ring "Fywuis" {rN+ Str+3 Dex+6}
120775 | Pan      | Identified the ring "Haemnius" {Int+3 SInv Stlth+}
120873 | Pan      | Entered the realm of Mnoleg.
120927 | Pan      | Noticed Mnoleg
120932 | Pan      | Killed Mnoleg
120946 | Pan      | Got a glowing rune of Zot
121016 | Pan      | Identified the +6 tower shield "Ysaesy" {Str+4 Stlth+}
121127 | Pan      | Found a white marble altar of Elyvilon.
121401 | Pan      | Noticed a seraph
121411 | Pan      | Killed a seraph
121430 | Pan      | Identified the +3 tower shield of Mirth {rPois rCorr Int-5
                  | Slay+2}
121478 | Pan      | Found a glowing golden altar of the Shining One.
121897 | Pan      | Found a glowing silver altar of Zin.
121904 | Pan      | Reached skill level 15 in Shields
123185 | Pan      | Identified the +5 ring mail "Bugaag" {Dex+6 Slay-5}
123190 | Pan      | Identified the ring of Free Will {Ice Str+4}
123344 | Depths:4 | Escaped Pandemonium
123512 | Depths:3 | Learned a level 6 spell: Statue Form
123591 | Hell     | Entered the Vestibule of Hell
123591 | Hell     | Noticed Geryon
123599 | Hell     | Killed Geryon
123996 | Hell     | Found a gateway to the decaying netherworld of Tartarus.
124210 | Hell     | Found a gateway to the ashen valley of Gehenna.
124392 | Hell     | Found a gateway to the freezing wastes of Cocytus.
124567 | Hell     | Found a gateway to the Iron City of Dis.
124809 | Geh:1    | Entered Level 1 of Gehenna
125260 | Geh:2    | Learned a level 4 spell: Passage of Golubria
126036 | Geh:4    | Noticed an ancient lich
126037 | Geh:4    | Killed an ancient lich
126233 | Geh:5    | Noticed a dread lich
126255 | Geh:5    | Killed a dread lich
126775 | Geh:7    | Entered Level 7 of Gehenna
127697 | Geh:7    | Identified the +8 shortbow of Desmulu {vorpal, rC+}
128301 | Geh:7    | Identified the amulet of Extufax {Faith Int+2}
128314 | Geh:7    | Found the +7 sceptre of Asmodeus
128314 | Geh:7    | Noticed Asmodeus
128322 | Geh:7    | Killed Asmodeus
128328 | Geh:7    | Identified the ring "Tugir" {Str+6 Int+3}
128363 | Geh:7    | Got an obsidian rune of Zot
128991 | Dis:1    | Entered Level 1 of the Iron City of Dis
131830 | Dis:2    | Reached skill level 10 in Necromancy
133343 | Dis:4    | You are sucked into a shaft and drop 1 floor!
133722 | Tar:1    | Entered Level 1 of Tartarus
134210 | Tar:3    | Noticed an ancient lich
134213 | Tar:3    | Reached skill level 15 in Necromancy
134219 | Tar:3    | Killed an ancient lich
134489 | Tar:4    | Noticed a dread lich
134489 | Tar:4    | Noticed an ancient lich
134489 | Tar:4    | Noticed a dread lich
134489 | Tar:4    | Noticed a dread lich
134491 | Tar:4    | Killed a dread lich
134492 | Tar:4    | Killed an ancient lich
134494 | Tar:4    | Killed a dread lich
134495 | Tar:4    | Killed a dread lich
135334 | Tar:5    | Learned a level 8 spell: Borgnjor's Revivification
135721 | Tar:7    | Entered Level 7 of Tartarus
135910 | Tar:7    | Found the +2 ratskin cloak {*Rats rPois rN+ Str-1 Int-1
                  | Dex+1}
136415 | Tar:7    | Noticed an ancient lich
136421 | Tar:7    | Killed an ancient lich
136604 | Tar:7    | Noticed an ancient lich
136609 | Tar:7    | Killed an ancient lich
136630 | Tar:7    | Noticed an ancient lich
136636 | Tar:7    | Noticed a dread lich
136644 | Tar:7    | Killed a dread lich
136648 | Tar:7    | Killed an ancient lich
136681 | Tar:7    | Found the +6 arbalest "Damnation" {damnation}
136695 | Tar:7    | Identified the +7 longbow "Teikihuh" {vorpal, Fragile rN+
                  | Str+4 Dex+3}
136725 | Tar:7    | Identified the +8 scimitar "Qelosti" {vorpal, Dex+6}
138441 | Tar:7    | Noticed Ereshkigal
138459 | Tar:7    | Killed Ereshkigal
138873 | Tar:7    | Got a bone rune of Zot
140160 | Tar:7    | Identified the +5 war axe of Offence {spect, rElec rCorr
                  | Dex+4}
140161 | Tar:7    | Identified the +6 shortbow of the Messenger {freeze,
                  | Fragile +Blink rPois Int+4}
140287 | Tar:7    | Got the Almanac of the Mortuary and Congelation
140289 | Tar:7    | Identified the +9 bardiche of Valour {freeze, rElec rPois
                  | Str-2 SInv}
140291 | Tar:7    | Identified the +6 whip "Esenenah" {freeze, rC+ Int+7 Dex-5}
140292 | Tar:7    | Identified the ring "Beduos" {rPois rC+ AC+4 Str-4 Int+3}
140305 | Tar:7    | Identified the +2 quarterstaff of the Bellicose God {drain,
                  | Int+3 Dex+3}
140309 | Tar:7    | Identified the +7 quarterstaff of Ambiguity {freeze,
                  | +Blink}
140396 | Depths:4 | Learned a level 2 spell: Sublimation of Blood
140518 | Pan      | Entered Pandemonium
140558 | Pan      | Found an exit through the horrors of the Abyss.
141097 | Pan      | Noticed Vueh the pandemonium lord
141106 | Pan      | Killed Vueh the pandemonium lord
141271 | Pan      | Gained mutation: Your body sometimes deteriorates upon
                  | taking damage. [a neqoxec]
141494 | Pan      | Took an exit into the Abyss.
141494 | Abyss:4  | Escaped into the Abyss
141554 | Abyss:4  | Noticed an ancient lich
141559 | Abyss:4  | Killed an ancient lich
141560 | Abyss:4  | Noticed a dread lich
141575 | Abyss:4  | Killed a dread lich
141581 | Abyss:4  | Got an abyssal rune of Zot
141626 | Depths:4 | Escaped the Abyss
141718 | Pan      | Entered Pandemonium
142327 | Pan      | Found an exit through the horrors of the Abyss.
142468 | Pan      | Noticed Utak the pandemonium lord
142484 | Pan      | Killed Utak the pandemonium lord
143556 | Depths:4 | Escaped Pandemonium
143990 | Pan      | Entered Pandemonium
144266 | Pan      | Found an exit through the horrors of the Abyss.
144333 | Pan      | Noticed Qaupp the pandemonium lord
144339 | Pan      | Killed Qaupp the pandemonium lord
145023 | Pan      | Learned a level 8 spell: Necromutation
145938 | Pan      | Noticed Asipn the pandemonium lord
145946 | Pan      | Killed Asipn the pandemonium lord
146574 | Pan      | Found an exit through the horrors of the Abyss.
146624 | Pan      | Found a transporter.
146982 | Pan      | Found a transporter.
147056 | Pan      | Took an exit into the Abyss.
147056 | Abyss:4  | Escaped into the Abyss
147280 | Abyss:4  | Paralysed by accursed screaming for 1 turns
147316 | Depths:4 | Escaped the Abyss
147977 | Pan      | Entered Pandemonium
148244 | Pan      | Noticed Yzazufik the pandemonium lord
148253 | Pan      | Killed Yzazufik the pandemonium lord
148806 | Pan      | Found an exit through the horrors of the Abyss.
149294 | Pan      | Took an exit into the Abyss.
149294 | Abyss:4  | Escaped into the Abyss
149487 | Depths:4 | Escaped the Abyss
150017 | Dis:7    | Entered Level 7 of the Iron City of Dis
150059 | Dis:7    | Learned a level 8 spell: Infestation
151663 | Dis:7    | Reached skill level 15 in Dodging
153015 | Dis:7    | Identified the ring "Egigyles" {Fire *Corrode rElec rN+
                  | Dex+5}
153017 | Dis:7    | Identified the +6 chain mail of the Wilderness {Dex+5}
153081 | Dis:7    | Found the +3 crown of Dyrovepreva {rElec Int+2 SInv}
153101 | Dis:7    | Identified the +5 chain mail "Fugunnik" {-Cast Rampage
                  | rPois Dex+3}
153116 | Dis:7    | Found the +4 staff of Dispater
153116 | Dis:7    | Noticed Dispater
153134 | Dis:7    | Identified the +6 great mace of Green Tenacity {pain,
                  | rPois}
153423 | Dis:7    | Killed Dispater
153697 | Dis:7    | Got an iron rune of Zot
153905 | Coc:1    | Entered Level 1 of Cocytus
154081 | Coc:1    | Paralysed by a wendigo for 1 turns
154290 | Coc:2    | Paralysed by a wendigo for 1 turns
155058 | Pan      | Entered Pandemonium
155250 | Pan      | Noticed Ynudezun the pandemonium lord
155263 | Pan      | Killed Ynudezun the pandemonium lord
156169 | Pan      | Found an exit through the horrors of the Abyss.
156185 | Pan      | Took an exit into the Abyss.
156185 | Abyss:4  | Escaped into the Abyss
156193 | Depths:4 | Escaped the Abyss
156684 | Coc:4    | Paralysed by a wendigo for 1 turns
156740 | Coc:4    | Paralysed by a wendigo for 1 turns
156750 | Coc:4    | Paralysed by a wendigo for 1 turns
157758 | Coc:6    | Paralysed by a wendigo for 1 turns
158026 | Coc:7    | Entered Level 7 of Cocytus
158045 | Coc:7    | Paralysed by a wendigo for 1 turns
158216 | Coc:7    | Paralysed by a wendigo for 1 turns
158552 | Coc:7    | Noticed the Serpent of Hell
158559 | Coc:7    | Killed the Serpent of Hell
158612 | Coc:7    | Paralysed by a wendigo for 1 turns
159935 | Coc:7    | Identified the +7 morningstar "Guotial" {speed, *Noise
                  | rPois Int+7}
159935 | Coc:7    | Identified the ring "Xesienip" {rPois rC+++ rN+ Str-5
                  | Dex-2}
159935 | Coc:7    | Noticed Antaeus
159970 | Coc:7    | Killed Antaeus
159976 | Coc:7    | Got an icy rune of Zot
159990 | Coc:7    | Identified the +1 plate armour of Orthodoxy {rN+}
160407 | Coc:7    | Paralysed by a wendigo for 1 turns
160539 | Coc:7    | Identified the ring "Mameade" {Contam rC+ Will++ Dex+6}
161185 | Crypt:1  | Entered Level 1 of the Crypt
163118 | Crypt:3  | Entered Level 3 of the Crypt
163365 | Crypt:3  | Identified the ring of Moodiness {rC++ rN+ Int+4}
163365 | Crypt:3  | Identified the ring of Qazlal's Hope {rF+ rN+}
163560 | Crypt:3  | Found the ring of the Octopus King
163572 | Crypt:3  | Identified a ring of the Octopus King {rN+ HP+2 AC+2 EV+2
                  | SH+2}
164158 | Crypt:3  | Found a staircase to the Tomb.
164211 | Crypt:3  | Found a runed translucent gate.
164211 | Crypt:3  | Found a runed translucent gate.
164211 | Crypt:3  | Found a runed translucent gate.
164214 | Crypt:3  | Noticed Bunoc's ghost (veteran FoFi)
164297 | Crypt:3  | Identified the +4 chain mail "Kythojinef" {Will++}
164690 | Crypt:3  | Killed Bunoc's ghost
164747 | Crypt:3  | Identified the +6 halberd "Gaikkide" {holy, Str+4}
164817 | Crypt:3  | Learned a level 9 spell: Death's Door
164878 | Tomb:1   | Entered Level 1 of the Tomb of the Ancients
165218 | Tomb:1   | Noticed a royal mummy
165221 | Tomb:1   | Noticed a royal mummy
165222 | Tomb:1   | Killed a royal mummy
165227 | Tomb:1   | Noticed a royal mummy
165227 | Tomb:1   | Noticed a royal mummy
165228 | Tomb:1   | Killed a royal mummy
165232 | Tomb:1   | Noticed a royal mummy
165246 | Tomb:1   | Killed a royal mummy
165247 | Tomb:1   | Killed a royal mummy
165248 | Tomb:1   | Killed a royal mummy
165696 | Tomb:1   | Noticed a royal mummy
165701 | Tomb:1   | Noticed a royal mummy
165705 | Tomb:1   | Killed a royal mummy
165708 | Tomb:1   | Killed a royal mummy
165710 | Tomb:1   | Noticed a royal mummy
165768 | Tomb:1   | Killed a royal mummy
165818 | Tomb:1   | Noticed a royal mummy
165824 | Tomb:1   | Killed a royal mummy
166123 | Tomb:1   | Noticed a royal mummy
166134 | Tomb:1   | Noticed a royal mummy
166142 | Tomb:1   | Killed a royal mummy
166143 | Tomb:1   | Noticed a royal mummy
166144 | Tomb:1   | Killed a royal mummy
166155 | Tomb:1   | Killed a royal mummy
166322 | Tomb:1   | Noticed a royal mummy
166329 | Tomb:1   | Killed a royal mummy
166330 | Tomb:1   | Noticed a royal mummy
166332 | Tomb:1   | Noticed a royal mummy
166344 | Tomb:1   | Killed a royal mummy
166344 | Tomb:1   | Killed a royal mummy
166504 | Tomb:1   | Noticed a royal mummy
166515 | Tomb:1   | Killed a royal mummy
166518 | Tomb:1   | Noticed a royal mummy
166523 | Tomb:1   | Killed a royal mummy
166939 | Tomb:1   | Noticed a royal mummy
166941 | Tomb:1   | Killed a royal mummy
167359 | Tomb:1   | Noticed a royal mummy
167359 | Tomb:1   | Noticed a royal mummy
167366 | Tomb:1   | Killed a royal mummy
167369 | Tomb:1   | Killed a royal mummy
167496 | Tomb:1   | Noticed a royal mummy
167501 | Tomb:1   | Killed a royal mummy
167605 | Tomb:1   | Noticed a royal mummy
167624 | Tomb:1   | Killed a royal mummy
167670 | Tomb:1   | Noticed a royal mummy
167681 | Tomb:1   | Killed a royal mummy
168032 | Tomb:2   | Noticed a royal mummy
168032 | Tomb:2   | Noticed a royal mummy
168033 | Tomb:2   | Noticed a royal mummy
168034 | Tomb:2   | Killed a royal mummy
168034 | Tomb:2   | Killed a royal mummy
168034 | Tomb:2   | Noticed a royal mummy
168036 | Tomb:2   | Noticed a royal mummy
168038 | Tomb:2   | Killed a royal mummy
168040 | Tomb:2   | Killed a royal mummy
168040 | Tomb:2   | Killed a royal mummy
168419 | Tomb:2   | Identified the +0 whip of Defilement {antimagic, rC+ Will+}
169048 | Tomb:3   | Entered Level 3 of the Tomb of the Ancients
170190 | Pan      | Entered Pandemonium
170600 | Pan      | Noticed Vuatatoa the pandemonium lord
170611 | Pan      | Killed Vuatatoa the pandemonium lord
171309 | Pan      | Noticed Ethy the pandemonium lord
171314 | Pan      | Killed Ethy the pandemonium lord
171725 | Pan      | Gained mutation: One of your tentacles bears a nasty spike.
                  | [a neqoxec]
171912 | Pan      | Found a runed translucent door.
173095 | Pan      | Noticed Necsotz the pandemonium lord
173100 | Pan      | Gained mutation: You do not regenerate when monsters are
                  | visible. [a neqoxec]
173103 | Pan      | Killed Necsotz the pandemonium lord
173113 | Pan      | Gained mutation: You are occasionally teleported next to
                  | monsters. [a neqoxec]
173412 | Pan      | Found an exit through the horrors of the Abyss.
173874 | Pan      | Lost mutation: You are occasionally teleported next to
                  | monsters. [potion of mutation]
173874 | Pan      | Lost mutation: You are clumsy. (Dex -2) [potion of
                  | mutation]
173874 | Pan      | Lost mutation: You do not regenerate when monsters are
                  | visible. [potion of mutation]
173874 | Pan      | Lost mutation: Your body sometimes deteriorates upon taking
                  | damage. [potion of mutation]
173874 | Pan      | Gained mutation: You are clumsy. (Dex -2) [potion of
                  | mutation]
173874 | Pan      | Gained mutation: One of your tentacles bears a large
                  | vicious spike. [potion of mutation]
174214 | Pan      | Noticed Caucvon the pandemonium lord
174228 | Pan      | Killed Caucvon the pandemonium lord
175270 | Pan      | Found an exit through the horrors of the Abyss.
175366 | Pan      | Noticed Soekk the pandemonium lord
175369 | Pan      | Killed Soekk the pandemonium lord
175864 | Pan      | Got the Incunable of Captivating Battling
176202 | Pan      | Noticed Hulutse the pandemonium lord
176204 | Pan      | Killed Hulutse the pandemonium lord
176450 | Pan      | Identified the +5 spear of Spite {speed, rN+ Str+3 Stlth-}
177280 | Depths:4 | Escaped Pandemonium
177682 | Tomb:3   | Noticed a royal mummy
177684 | Tomb:3   | Noticed a royal mummy
177687 | Tomb:3   | Noticed a royal mummy
177711 | Tomb:3   | Killed a royal mummy
177715 | Tomb:3   | Noticed a royal mummy
177716 | Tomb:3   | Noticed a royal mummy
177716 | Tomb:3   | Killed a royal mummy
177723 | Tomb:3   | Killed a royal mummy
177725 | Tomb:3   | Noticed a royal mummy
177732 | Tomb:3   | Killed a royal mummy
177734 | Tomb:3   | Killed a royal mummy
177748 | Tomb:3   | Killed a royal mummy
177758 | Tomb:3   | Noticed a royal mummy
177759 | Tomb:3   | Killed a royal mummy
177785 | Tomb:3   | Noticed a royal mummy
177792 | Tomb:3   | Killed a royal mummy
178186 | Tomb:3   | Found the ring of the Tortoise {AC+8}
178213 | Tomb:3   | Found the +8 Vampire's Tooth {vamp}
178258 | Tomb:3   | Got a golden rune of Zot
178456 | Tomb:3   | Identified the ring "Toity" {rF- Will+ Int+6 Dex+6}
178495 | Tomb:3   | Identified the +8 plate armour "Gioq" {Regen+ Int-3 Dex+4}
178517 | Tomb:3   | Identified the +8 mace of Imminent Death {drain, Fragile
                  | rF+ rC+ rN+++}
178530 | Tomb:3   | Identified the +2 helmet "Jumoy" {Int+4}
178556 | Tomb:3   | Identified the +8 plate armour of Neokhliph {*Slow +Blink
                  | Int+2 Slay+4}
178562 | Tomb:3   | Identified the ring "Piaxohat" {Fly rN+ Dex+4}
179498 | Zot:5    | Noticed a dread lich
179511 | Zot:5    | Killed a dread lich
179627 | Zot:5    | Noticed an orb of fire
179635 | Zot:5    | Killed an orb of fire
180217 | Zot:5    | Noticed an ancient lich
180231 | Zot:5    | Killed an ancient lich
180246 | Zot:5    | Noticed a dread lich
180248 | Zot:5    | Killed a dread lich
180265 | Zot:5    | Noticed an orb of fire
180267 | Zot:5    | Killed an orb of fire
180344 | Zot:5    | Noticed an ancient lich
180353 | Zot:5    | Killed an ancient lich
180809 | Zot:5    | Got the Orb of Zot
181479 | D:$      | Escaped with the Orb!

Illustrated notes

Levels and vault maps discovered:
D:1:      amcnicky_arrival_abandoned_market, layout_loops_ring,
          minmay_misc_feat_alley, minmay_pentomino_s2
D:2:      layout_loops_corners, serial_bayou_lagoon_a
D:3:      layout_basic, mainiacjoe_overflow_brackets, minitemple, serial_shops,
          nicolae_shop_hallway_plus, ebering_ecumenical_altar_mist,
          serial_park_tiny_pond
D:4:      layout_cave_pools, hangedman_ru_absence, temple_hall
D:5:      layout_basic, mainiacjoe_overflow_six_doors_small,
          chequers_decorated_corner, chequers_jeans
D:6:      layout_rooms, uniq_crazy_yiuf_cottage
D:7:      layout_basic, mainiacjoe_overflow_alcove_1,
          nicolae_ossuary_entry_catacombs, enter_bailey_5, uniq_duvessa,
          uniq_maggie
D:8:      layout_cave_pools, serial_column_ruins, column_ruins_square_large,
          column_ruins_corridor_straight, column_ruins_open_medium,
          column_ruins_columns_corner, column_ruins_grid_2,
          column_ruins_columns_corner
D:9:      layout_stronghold, lemuel_flamethrower_1, uniq_pikel, uniq_grum
D:10:     layout_layer_cave, orc_0_dummy, gammafunk_ghost_wrathful_warriors,
          roderic_batcave, uniq_erica, uniq_nergalle
D:11:     layout_irregular_city, erik_lair_orcish_takeover
D:12:     layout_basic
D:13:     cheibrodos_orc_bank, layout_rooms, nooodl_orcs_dogs
D:14:     layout_roguey, erik_vaults_1, minivault_4, hangedman_weighted_door,
          amethyst_killhole, kennysheep_four_rooms, uniq_lodul
D:15:     grunt_enter_depths_snipers, layout_rooms, zin_angel
Temple:   nicolae_temple_ecumenical_triangle
Lair:1:   layout_cellular_growth, portal_ice_cave_entry_ice_simulacra,
          uniq_gastronok
Lair:2:   layout_roguey, grunt_megastairs_2, wad_woods_river_01
Lair:3:   layout_regular_city, minmay_shoals_entry_beasts, spider_nest_entry_a,
          gauntlet_entry_generic, basic_altar
Lair:4:   layout_loops_ring, dreamdust_mushroom_princess, serial_bayou_shore_b,
          grunt_megastairs_4, infiniplex_staircase_pool
Lair:5:   hangedman_lair_tendril_chambers, layout_long_grid, wormcave,
          slime_entry_1, serial_bayou_shore_b, lemuel_fruit_tree
Shoals:1: layout_shoals, hangedman_shoals_cup_caves
Shoals:2: layout_shoals, regret_index_shoals_crete, uniq_polyphemus,
          uniq_frances
Shoals:3: layout_shoals, ebering_ghost_xom, uniq_ilsuiw
Shoals:4: shoals_end_hellmonk_storm_palace [storm_palace_center_square,
          storm_palace_corner_narrow, storm_palace_corner_narrow,
          storm_palace_corner_grid, storm_palace_corner_narrow]
Spider:1: layout_cave_pods, uniq_donald
Spider:2: layout_cave_pods, nicolae_spider_bug_shape, uniq_jorgrun,
          uniq_arachne, uniq_mlioglotl, uniq_azrael
Spider:3: layout_spider_delve
Spider:4: hellmonk_spider_rune_bug_friends, gammafunk_ghost_cemetery, drop_trap,
          uniq_bai_suzhen, uniq_asterion
Slime:1:  layout_caves
Slime:2:  layout_caves
Slime:3:  layout_caves, nicolae_slime_round_cave
Slime:4:  cheibrodos_slime_lost_civilization_10, layout_caves
Slime:5
Orc:1:    layout_caves, serial_shops, shop_statue, basic_altar
Orc:2:    grunt_orc_cross, layout_caves, uniq_sonja
Elf:1:    minmay_elf_arrival_circle, layout_geoelf_octagon, basic_altar,
          serial_shops, nicolae_shop_behind_doors, minmay_elf_crystal_heptagon,
          uniq_agnes, uniq_louise, uniq_kirke
Elf:2:    elven_hall_of_blades_hangedman_original
          [nicolae_blade_entry_pointy_end], layout_rooms, basic_altar,
          minmay_shop_enchanted_jewellery, nicolae_elf_big_sculpture_3,
          uniq_saint_roka
Elf:3:    minmay_elf_hall_four_x, layout_loops_cross,
          serial_sigils_hangedman_gnaw, uniq_zenata
Vaults:1: v_pattern_2, nicolae_vaults_network_barrier,
          hangedman_vaults_restitches, ontoclasm_vaults_idyll,
          vaults_standard_mumra_lines, nicolae_vaults_little_squares_1,
          v_misc_3, v_misc_9, nicolae_vaults_rhombus_7, vaults_dpeg_hooks,
          layout_vaults_big_cross
Vaults:2: mu_enter_wizlab_5, hangedman_vaults_cutoff, vaults_mumra_hexcomb,
          grunt_vaults_diagonal, minmay_crypt_entry_vampire_xt,
          nicolae_vaults_angled_halls, nicolae_vaults_little_squares_5,
          hangedman_vaults_river_flow, layout_vaults_quadrants, uniq_mennas
Vaults:3: portal_desolation_entry_nicolae_forbidding_blocks, vaults_mumra_lcd,
          vaults_dpeg_emergency_exit, nicolae_vaults_theta, st_lines, v_misc_14,
          v_pattern_5, v_misc_16, layout_vaults_big_room
Vaults:4: vaults_dpeg_cross, minmay_guarded_unrand_secular_launcher,
          grunt_vaults_focal, ontoclasm_vaults_gateway, v_rooms_6,
          nicolae_vaults_network_s, hangedman_vaults_stretched_pinwheel,
          nicolae_vaults_diagonal_hallway_7, ontoclasm_vaults_chip,
          dpeg_vaults_monster_row, nicolae_vaults_mini_display_case,
          layout_vaults_maze_snakey
Vaults:5: serial_shops, uniq_margery
Crypt:1:  layout_catacombs
Crypt:2:  layout_gridlike
Crypt:3:  due_elkab, layout_chaotic_city, tomb_entry_shell_bobbens,
          gammafunk_ghost_spectres
Tomb:1
Tomb:2
Tomb:3
Depths:1: layout_small_grid, abyss_entry_flame_altar, hell_entry,
          hangedman_aviary, grunt_megastairs_5, minmay_shoptagon, firewood_loft,
          serial_bayou_shore_b
Depths:2: nicolae_cairo_tiling, layout_cave_shapes, grunt_mini_vestibule,
          pan_entry, minmay_strange_pillars, chequers_serial_rivers_small_a,
          nicolae_diode_quadrants, uniq_josephina, uniq_vv, uniq_enchantress,
          uniq_mara
Depths:3: minmay_the_grid_square_5x5_5x5
          [minmay_the_grid_square_5x5_eight_small,
          minmay_the_grid_square_5x5_six_small, minmay_the_grid_square_5x5_plus,
          minmay_the_grid_square_5x5_inner_i,
          minmay_the_grid_square_5x5_checkered_sparse,
          minmay_the_grid_square_5x5_percent,
          minmay_the_grid_square_5x5_prize_junk,
          minmay_the_grid_square_5x5_pentomino_r,
          minmay_the_grid_square_5x5_prize_deathbox,
          minmay_the_grid_square_5x5_n_small,
          minmay_the_grid_square_5x5_longway,
          minmay_the_grid_square_5x5_one_wall,
          minmay_the_grid_square_5x5_prize_open,
          minmay_the_grid_square_5x5_three, minmay_the_grid_square_5x5_forky,
          minmay_the_grid_square_5x5_checkered,
          minmay_the_grid_square_5x5_prize_pseudospiral,
          minmay_the_grid_square_5x5_mess,
          minmay_the_grid_square_5x5_prize_itemx,
          minmay_the_grid_square_5x5_shuriken, minmay_the_grid_square_5x5_eight,
          minmay_the_grid_square_5x5_gyroscope,
          minmay_the_grid_square_5x5_almost_minimal,
          minmay_the_grid_square_5x5_inner_v, minmay_the_grid_square_5x5_seven],
          layout_cave_pools, enter_ziggurat_c,
          nicolae_abyss_entry_one_way_or_another, rand_demon_pan_entry_7,
          hangedman_decor_lopped, hangedman_geh_valley, serial_shops,
          nicolae_shop_stone
Depths:4: grunt_zot_entry_alcove, layout_cave_pools, pan_entry,
          minmay_misc_feat_secret_circle, hell_entry, nicolae_triple_integral
Hell
Dis:1:    layout_jigsaw
Dis:2:    grunt_dis_stairs_iron_hall
Dis:3:    layout_subdivisions, glass_columns_b
Dis:4:    layout_regular_city
Dis:5:    layout_regular_city, hangedman_dis_chains
Dis:6:    layout_subdivisions, nicolae_dis_metal_dragon_surprise
Dis:7:    iron_city_of_dis [dis_grunt, dis_wall_5], layout_gridville
Geh:1:    layout_gehenna_pools_triple
Geh:2:    nicolae_geh_split_lavaduct, layout_gehenna_pools_box
Geh:3:    layout_gehenna_lava_caves
Geh:4:    layout_gehenna_pools_basic
Geh:5:    layout_gehenna_lava_caves, evilmike_ambush
          [evilmike_ambush_outer_basic, evilmike_ambush_inner_basic]
Geh:6:    layout_gehenna_lava_caves
Geh:7:    geh_grunt
Coc:1:    layout_ice_bergs
Coc:2:    layout_ice_bergs
Coc:3:    layout_cocytus_delve, nicolae_hells_seeping_fissure
Coc:4:    layout_ice_bergs
Coc:5:    layout_ice_bergs, nicolae_coc_melting_block
Coc:6:    layout_ice_bergs
Coc:7:    coc_grunt
Tar:1:    layout_grid_maze
Tar:2:    hangedman_tartarus_temple_path, layout_cathedral_of_symmetry
Tar:3:    layout_cathedral_of_symmetry
Tar:4:    layout_honeycomb, nicolae_tar_liches_on_tour
Tar:5:    layout_honeycomb, nicolae_tar_stay_or_leave
Tar:6:    layout_grid_maze
Tar:7:    tar_old
Zot:1:    layout_gridlike, lemuel_baited_zot_trap
Zot:2:    layout_cellular_growth, grunt_ministairs_6, grunt_megastairs_1
Zot:3:    layout_cathedral_of_symmetry
Zot:4:    layout_misc_corridors, grunt_megastairs_3
Zot:5:    layout_misc_corridors

Skill      XL: |  1  2  3  4  5  6  7  8  9 10 11 12 13 14 15 16 17 18 19 20 21 22 23 24 25 26 27 |
---------------+----------------------------------------------------------------------------------+-----
Stealth        | 3 6 11 12 15 17 18 21 | 21.0
Earth Magic    | 4 5 6 7 8 9 10 11 14 15 25 | 25.0
Spellcasting   | 3 5 7 9 10 11 12 25 | 25.0
Conjurations   | 1 2 3 5 6 |  6.0
Transmutations | 4 7 8 9 12 15 16 18 | 18.0
Fighting       | 3 5 7 9 10 12 14 19 26 | 26.0
Short Blades   | 6 10 | 10.0
Dodging        | 4 7 9 12 24 | 24.0
Evocations     | 8 10 12 14 16 26 | 26.0
Shields        | 5 24 | 24.7
Necromancy     | 5 25 | 25.0
Poison Magic   | 4 6 |  6.0
Unarmed Combat | 8 14 19 21 22 27 | 27.0

Action                   |  1- 3 |  4- 6 |  7- 9 | 10-12 | 13-15 | 16-18 | 19-21 | 22-24 | 25-27 || total
-------------------------+-------+-------+-------+-------+-------+-------+-------+-------+-------++-------
Melee: Dagger            |     3 |     3 |   165 |   210 |   873 |   535 |   591 |   215 |       ||  2595
       Tentacles         |     1 |     1 |    45 |    47 |   253 |   160 |   221 |    71 |    68 ||   867
       Long sword        |     1 |     4 |       |       |       |       |       |       |       ||     5
       Constrict         |     1 |     2 |    42 |    24 |   147 |    81 |    95 |    13 |    39 ||   444
       Punch             |       |       |     4 |     2 |    17 |     6 |    11 |   130 |  1342 ||  1512
       Unarmed           |       |       |       |       |       |       |       |  1093 |  6219 ||  7312
       Tailslap          |       |       |       |       |       |       |       |   215 |  1399 ||  1614
       Bite              |       |       |       |       |       |       |       |   174 |   996 ||  1170
       Staff             |       |       |       |       |       |       |       |       |   104 ||   104
       Kick              |       |       |       |       |       |       |       |       |    80 ||    80
Throw: Stone             |    23 |    15 |     2 |       |       |       |       |       |       ||    40
       Dart              |       |     8 |    25 |    44 |    90 |    20 |    16 |       |       ||   203
 Cast: Sandblast         |    53 |    33 |     5 |       |       |       |       |       |       ||    91
       Passwall          |     1 |     1 |     4 |    11 |    26 |     9 |    12 |       |       ||    64
       Stone Arrow       |       |    24 |    63 |    67 |   218 |   146 |    72 |     5 |       ||   595
       Petrify           |       |       |    18 |    67 |   132 |    75 |       |       |       ||   292
       Wereblood         |       |       |       |       |    10 |     2 |     2 |    30 |   106 ||   150
       Borgnjor's Vile C |       |       |       |       |       |   176 |   162 |    26 |    55 ||   419
       Mephitic Cloud    |       |       |       |       |       |     1 |    11 |       |       ||    12
       Ignite Poison     |       |       |       |       |       |     1 |    27 |     9 |       ||    37
       Eringya's Noxious |       |       |       |       |       |       |    48 |    21 |     4 ||    73
       Dragon Form       |       |       |       |       |       |       |       |    73 |   664 ||   737
       Storm Form        |       |       |       |       |       |       |       |    13 |     8 ||    21
       Iron Shot         |       |       |       |       |       |       |       |    25 |    70 ||    95
       Lee's Rapid Decon |       |       |       |       |       |       |       |    11 |    21 ||    32
       Blink             |       |       |       |       |       |       |       |       |     1 ||     1
       Shatter           |       |       |       |       |       |       |       |       |   173 ||   173
       Lehudib's Crystal |       |       |       |       |       |       |       |       |    93 ||    93
       Infestation       |       |       |       |       |       |       |       |       |    22 ||    22
       Necromutation     |       |       |       |       |       |       |       |       |    15 ||    15
       Yara's Violent Un |       |       |       |       |       |       |       |       |     4 ||     4
       Statue Form       |       |       |       |       |       |       |       |       |     3 ||     3
       Sublimation of Bl |       |       |       |       |       |       |       |       |     3 ||     3
       Passage of Golubr |       |       |       |       |       |       |       |       |     2 ||     2
       Death's Door      |       |       |       |       |       |       |       |       |     1 ||     1
Invok: Lunge             |       |       |    42 |    51 |   107 |   135 |    74 |   145 |  1060 ||  1614
       Whirlwind         |       |       |    14 |    64 |   115 |   131 |   122 |   598 |  1573 ||  2617
       Serpent's Lash    |       |       |       |    17 |    21 |    46 |    36 |    29 |   172 ||   321
       Heavenly Storm    |       |       |       |       |       |     1 |     1 |       |    30 ||    32
 Abil: Wall Jump         |       |       |       |     1 |     1 |       |     1 |     2 |     4 ||     9
       End Transformatio |       |       |       |       |       |       |       |     4 |    30 ||    34
       Breathe Fire      |       |       |       |       |       |       |       |     3 |       ||     3
Evoke: Wand              |       |       |     1 |    62 |    37 |     7 |     4 |    10 |    40 ||   161
       Box of beasts     |       |       |       |       |     1 |     5 |     5 |     4 |    13 ||    28
       Phantom mirror    |       |       |       |       |       |     2 |     2 |     3 |     5 ||    12
       Tin of tremorston |       |       |       |       |       |     4 |     6 |     8 |    21 ||    39
       Lightning rod     |       |       |       |       |       |       |     1 |     1 |       ||     2
       Condenser vane    |       |       |       |       |       |       |       |     1 |    14 ||    15
       Horn of Geryon    |       |       |       |       |       |       |       |       |     5 ||     5
       Phial of floods   |       |       |       |       |       |       |       |       |     1 ||     1
  Use: Scroll            |     3 |       |    11 |    12 |    15 |    13 |     3 |    12 |    54 ||   123
       Potion            |       |       |     1 |     5 |     7 |    16 |     7 |     9 |    92 ||   137
 Stab: Sleeping          |     1 |     4 |    29 |    33 |    61 |   105 |    72 |    56 |    83 ||   444
       Petrified         |       |       |    26 |    54 |    79 |    40 |       |       |     1 ||   200
       Petrifying        |       |       |       |     3 |     2 |    12 |       |       |       ||    17
       Distracted        |       |       |       |       |     2 |       |     2 |     3 |   125 ||   132
       Confused          |       |       |       |       |       |       |     2 |       |       ||     2
Armor: Skin              |     4 |     1 |    18 |    13 |    62 |    46 |    67 |   379 |   957 ||  1547
Dodge: Dodged            |    11 |    10 |    58 |    82 |   404 |   238 |   277 |   573 |  2167 ||  3820
Block: Other             |       |     2 |    20 |    14 |       |       |       |    37 |    32 ||   105
       Reflection        |       |       |     1 |     4 |     9 |    44 |     8 |    12 |       ||    78
       Kite shield       |       |       |       |    46 |   384 |       |       |       |       ||   430
       Buckler           |       |       |       |       |    53 |   175 |   295 |    71 |    11 ||   605
       Tower shield      |       |       |       |       |       |       |       |       |   210 ||   210
